 Dungeon Crawl Stone Soup version 0.28-a0-1202-g1e6f1b2279 (webtiles) character file.

Game seed: 17400232073344157879

558184 Jannitor the Warrior (level 25, 0/360 HPs)
             Began as a Demonspawn Chaos Knight on Dec 17, 2021.
             Was a Favourite Plaything of Xom.
             Slain by a death scarab (5 damage)
             ... on level 3 of the Tomb of the Ancients on Dec 20, 2021.
             The game lasted 02:57:45 (74678 turns).

Jannitor the Warrior (Demonspawn Chaos Knight)     Turns: 74678, Time: 02:57:46

Health: 0/360      AC: 19    Str: 19    XL:     25   Next: 26%
Magic:  24/53      EV: 31    Int: 27    God:    Xom [...*..]
Gold:   6214       SH:  4    Dex: 21    Spells: 1/51 levels left

rFire   + . .      SeeInvis +   R - +10 quick blade of Gituy {chaos, rPois Will+ MP+9}
rCold   + + .      Faith    .   (no shield)
rNeg    + + .      Spirit   .   K - +4 acid dragon scales
rPois   +          Reflect  .   y - -2 hat of the Alchemist {rElec rPois rF+ rC+ rN+ Will+ rMut rCorr}
rElec   +          Harm     .   M - scarf {repulsion}
rCorr   +          Rampage  .   (gloves unavailable)
rMut    +                       (no boots)
Will    ++++.                   Q - macabre finger necklace {rN+}
Stlth   ..........              x - ring "Bebunku" {Str+4 Slay+4}
HPRegen 0.70/turn               Z - ring of False Hope {rC+ Int+2 Slay+6}
MPRegen 0.33/turn               O - ring of the Hare {EV+8}

@: berserking, silenced, hasted and slowed, studying Unarmed Combat, repel
missiles
A: demonic guardian 3, icemail 2, big brain 3, condensation shield, corrupting
presence 2, demonic touch 3, horns 2, see invisible, agile 1, clever 1, high mp
1, strong-willed 1, passive freeze, sense surroundings 1, robust 2, wild magic
2, MP-powered wands, noise suppression
}: 3/15 runes: decaying, serpentine, silver
a: Renounce Religion


You were on level 3 of the Tomb of the Ancients.
You worshipped Xom.
You were a favourite toy of Xom.
You visited 10 branches of the dungeon, and saw 48 of its levels.
You also visited: Sewer, Ossuary, Ice Cave, Wizlab and Desolation.

You collected 11749 gold pieces.
You spent 5535 gold pieces at shops.

Inventory:

Hand Weapons
 R - the +10 quick blade of Gituy (weapon) {chaos, rPois Will+ MP+9}
   (Xom gifted it to you on level 10 of the Dungeon)

   Each time it hits an enemy it has a different, random effect.
   rPois:     It protects you from poison.
   MP:        It affects your magic capacity (+9).
   Will:      It increases your willpower.
Missiles
 t - 3 throwing nets (quivered)
 w - a curare-tipped dart
Armour
 y - the -2 hat of the Alchemist (worn) {rElec rPois rF+ rC+ rN+ Will+ rMut rCorr}
   (You found it on level 3 of the Crypt)

   rF:        It protects you from fire.
   rC:        It protects you from cold.
   rElec:     It insulates you from electricity.
   rPois:     It protects you from poison.
   rN:        It protects you from negative energy.
   rCorr:     It protects you from acid and corrosion.
   rMut:      It protects you from mutation.
   Will:      It increases your willpower.
 K - +4 acid dragon scales (worn)
 L - the +3 crown of Dyrovepreva {rElec Int+2 SInv}
   (You found it on level 3 of the Elven Halls)

   Int:       It affects your intelligence (+2).
   rElec:     It insulates you from electricity.
   SInv:      It lets you see invisible.
 M - a scarf of repulsion (worn)
Jewellery
 o - a ring of protection from cold
 x - the ring "Bebunku" (left hand) {Str+4 Slay+4}
   (You acquired it on level 3 of the Crypt)

   [ring of slaying]

   Str:       It affects your strength (+4).
   Slay:      It affects your accuracy & damage with ranged weapons and melee
   (+4).
 O - the ring of the Hare (on amulet) {EV+8}
   (You bought it in a shop on level 3 of the Snake Pit)

   [ring of evasion]

   EV:        It affects your evasion (+8).
 Q - the macabre finger necklace (around neck) {rN+}
   (You found it on level 3 of the Elven Halls)

   [amulet of nothing]

   It enables you to equip an extra ring.
   rN:        It protects you from negative energy.
 Y - a ring of protection from fire
 Z - the ring of False Hope (right hand) {rC+ Int+2 Slay+6}
   (You bought it in a shop on level 2 of the Orcish Mines)

   [ring of protection from cold]

   Int:       It affects your intelligence (+2).
   Slay:      It affects your accuracy & damage with ranged weapons and melee
   (+6).
   rC:        It protects you from cold.
Wands
 b - a wand of acid (37)
 f - a wand of paralysis (10)
 i - a wand of mindburst (19)
 l - a wand of flame (115)
 p - a wand of digging (23)
 v - a wand of polymorph (31)
 N - a wand of iceblast (77)
Scrolls
 c - 8 scrolls of vulnerability
 d - 43 scrolls of identify
 e - 4 scrolls of summoning
 z - 4 scrolls of enchant weapon
 A - 4 scrolls of magic mapping
 C - 5 scrolls of fog
 E - 9 scrolls of immolation
 F - a scroll of silence
 G - 2 scrolls of amnesia
 H - 16 scrolls of teleportation
 J - 3 scrolls of brand weapon
 T - 11 scrolls of fear
 U - 3 scrolls of blinking
 V - a scroll of enchant armour
Potions
 a - 3 potions of might
 h - 5 potions of resistance
 k - 2 potions of berserk rage
 m - 10 potions of brilliance
 n - 2 potions of ambrosia
 q - 9 potions of curing
 r - 2 potions of magic
 s - 9 potions of attraction
 u - 6 potions of flight
 B - 3 potions of cancellation
 D - 9 potions of mutation
 S - 7 potions of lignification
Miscellaneous
 j - a condenser vane (inert)
 I - a tin of tremorstones (2/2)
 P - a box of beasts
 W - a phial of floods


   Skills:
 - Level 16.9 Fighting
 - Level 10.0 Short Blades
 - Level 13.0 Armour
 - Level 15.3 Dodging
 - Level 16.4 Stealth
 - Level 13.6 Spellcasting
 - Level 12.6 Conjurations
 + Level 7.9 Hexes
 - Level 9.5 Summonings
 - Level 15.5 Necromancy
 + Level 11.9 Translocations
 + Level 12.6 Transmutations
 - Level 9.8 Air Magic
 - Level 8.3 Earth Magic
 - Level 10.5 Evocations


You had one spell level left.
You knew the following spells:

 Your Spells              Type           Power      Damage    Failure   Level
a - Passwall              Tmut/Erth      73%        N/A       1%          2
b - Swiftness             Air            85%        N/A       1%          3
c - Necromutation         Tmut/Necr      50%        N/A       41%         8
d - Apportation           Tloc           100%       N/A       1%          1
e - Petrify               Tmut/Erth      88%        N/A       1%          4
f - Irradiate             Conj/Tmut      47%        3d29      1%          5
g - Iron Shot             Conj/Erth      44%        9d9       7%          6
h - Manifold Assault      Tloc           93%        N/A       1%          5
i - Silence               Hex/Air        41%        N/A       3%          5
j - Yara's Violent Unrav  Hex/Tmut       43%        3d17      2%          5
k - Summon Cactus Giant   Summ           42%        N/A       10%         6

Your spell library contained the following spells:

 Spells                   Type           Power      Damage    Failure   Level
 Animate Skeleton         Necr           100%       N/A       1%          1
 Beastly Appendage        Tmut           100%       N/A       1%          1
 Magic Dart               Conj           100%       1d8       1%          1
 Pain                     Necr           100%       1d9       1%          1
 Shock                    Conj/Air       100%       1d9       1%          1
 Slow                     Hex            100%       N/A       1%          1
 Sting                    Tmut/Pois      100%       1d8       1%          1
 Summon Small Mammal      Summ           100%       N/A       1%          1
 Blink                    Tloc           100%       N/A       1%          2
 Call Imp                 Summ           84%        N/A       1%          2
 Corpse Rot               Necr/Air       100%       N/A       1%          2
 Ensorcelled Hibernation  Hex/Ice        100%       N/A       1%          2
 Poisonous Vapours        Pois/Air       100%       N/A       1%          2
 Searing Ray              Conj           100%       2d8       1%          2
 Static Discharge         Conj/Air       91%        N/A       1%          2
 Sublimation of Blood     Necr           100%       N/A       1%          2
 Wereblood                Tmut           95%        N/A       1%          2
 Call Canine Familiar     Summ           84%        N/A       1%          3
 Confusing Touch          Hex            78%        N/A       1%          3
 Conjure Flame            Conj/Fire      71%        6-21      1%          3
 Dazzling Flash           Conj/Hex       100%       N/A       1%          3
 Gell's Gravitas          Tloc           93%        N/A       1%          3
 Lesser Beckoning         Tloc           93%        N/A       1%          3
 Mephitic Cloud           Conj/Pois/Air  76%        N/A       1%          3
 Portal Projectile        Hex/Tloc       100%       N/A       1%          3
 Spider Form              Tmut/Pois      71%        N/A       1%          3
 Stone Arrow              Conj/Erth      100%       3d13      1%          3
 Summon Guardian Golem    Hex/Summ       81%        N/A       1%          3
 Tukima's Dance           Hex            78%        N/A       1%          3
 Vampiric Draining        Necr           100%       2d13      1%          3
 Airstrike                Air            42%        N/A       1%          4
 Animate Armour           Summ/Erth      100%       N/A       1%          4
 Animate Dead             Necr           52%        N/A       1%          4
 Cause Fear               Hex            39%        N/A       1%          4
 Dispel Undead            Necr           100%       3d31      1%          4
 Fulminant Prism          Conj/Hex       43%        3d20      1%          4
 Iskenderun's Mystic Bla  Conj/Tloc      94%        2d18      1%          4
 Leda's Liquefaction      Hex/Erth       39%        N/A       1%          4
 Passage of Golubria      Tloc           93%        N/A       1%          4
 Summon Lightning Spire   Summ/Air       85%        N/A       1%          4
 Agony                    Necr           100%       N/A       1%          5
 Blade Hands              Tmut           47%        N/A       1%          5
 Borgnjor's Vile Clutch   Necr/Erth      46%        N/A       1%          5
 Excruciating Wounds      Necr           52%        N/A       1%          5
 Iskenderun's Battlesphe  Conj           95%        2d14      1%          5
 Lightning Bolt           Conj/Air       45%        1d65      1%          5
 Summon Forest            Summ/Tloc      44%        N/A       1%          5
 Death Channel            Necr           52%        N/A       1%          6
 Ignite Poison            Fire/Tmut/Pois 60%        N/A       2%          3
 Inner Flame              Hex/Fire       59%        N/A       2%          3
 Flame Wave               Conj/Fire      71%        2d11      3%          4
 Hailstorm                Conj/Ice       71%        3d15      3%          4
 Ice Form                 Ice/Tmut       71%        N/A       3%          4
 Sticky Flame             Conj/Fire      71%        2d8       3%          4
 Lee's Rapid Deconstruct  Erth           39%        3d20*     3%          5
 Freezing Cloud           Conj/Ice/Air   38%        6-21      4%          5
 Dispersal                Tloc           46%        N/A       4%          6
 Scorch                   Fire           58%        2d7       5%          2
 Summon Ice Beast         Ice/Summ       63%        N/A       5%          4
 Conjure Ball Lightning   Conj/Air       45%        3x3d16    5%          6
 Alistair's Intoxication  Tmut/Pois      47%        N/A       7%          5
 Fireball                 Conj/Fire      35%        3d15      7%          5
 Statue Form              Tmut/Erth      58%        N/A       7%          6
 Frozen Ramparts          Ice            58%        1d7       9%          3
 Dragon Form              Tmut           47%        N/A       13%         7
 Orb of Destruction       Conj           47%        9d15      13%         7
 Haunt                    Necr/Summ      47%        N/A       14%         7
 Metabolic Englaciation   Hex/Ice        29%        N/A       16%         5
 Simulacrum               Ice/Necr       38%        N/A       16%         6
 Storm Form               Tmut/Air       45%        N/A       21%         7
 Spellforged Servitor     Conj/Summ      45%        N/A       22%         7
 Olgreb's Toxic Radiance  Pois           29%        N/A       26%         4
 Eringya's Noxious Bog    Tmut/Pois      35%        N/A       26%         6
 Malign Gateway           Summ/Tloc      44%        N/A       26%         7
 Infestation              Necr           52%        N/A       26%         8
 Lehudib's Crystal Spear  Conj/Erth      44%        10d11     85%         8
 Death's Door             Necr           52%        N/A       96%         9
 Discord                  Hex            39%        N/A       99%         8
 Ozocubu's Refrigeration  Ice            14%        4d7       100%        7
 Chain Lightning          Conj/Air       45%        3d60      100%        9
 Polar Vortex             Ice            14%        N/A       100%        9


Dungeon Overview and Level Annotations

Branches:
Dungeon (15/15)            Temple (0/1) D:4            Lair (6/6) D:8
  Swamp (4/4) Lair:4        Snake (4/4) Lair:4        Slime (0/5) Lair:6
    Orc (2/2) D:10            Elf (3/3) Orc:2        Vaults (5/5) D:13
  Crypt (3/3) Vaults:3       Tomb (3/3) Crypt:3      Depths (3/4) D:15
  Sewer (visited)         Ossuary (visited)           IceCv (visited)
 WizLab (visited)         Desolation (visited)

Altars:
Gozag
Kikubaaqudgha
Sif Muna
Trog
Vehumet
Xom
Yredelemnul
Beogh

Shops:
D:5 *   D:11 (   D:12 [   D:15 *   Orc:2 ([[*=   Snake:1 =:=*   Snake:3 [=![[
Vaults:1 (   Vaults:3 ?

Portals:
Hell: Depths:1 Depths:2 Depths:3
Abyss: Depths:2 Depths:3
Pandemonium: Depths:2

Annotations:
D:3 Grinder
D:8 1 runed translucent door, hemabe71's ghost, novice HuAr
Lair:2 1 runed translucent door, Wics's ghost, journeyman OpVM


Innate Abilities, Weirdness & Mutations

A powerful demonic guardian rushes to your aid.
A meltable icy envelope protects you from harm. (AC +8)
You have an absolutely massive brain. (Int +6, Wiz)
A meltable shield of frost defends you. (SH +4)
Your presence sometimes corrodes or deforms those you injure.
Your touch may irresistibly damage your foes and sap their willpower.
You have a pair of horns on your head.
You have supernaturally acute eyesight. (SInv)
You are agile. (Dex +2)
Your mind is acute. (Int +2)
You have an increased reservoir of magic. (+10% MP)
You are strong-willed. (Will+)
A frigid envelope surrounds you and freezes all who hurt you.
You passively map a small area around you.
You are very robust. (+20% HP)
Your spells are harder to cast, but more powerful.
You expend magic power (3 MP) to strengthen your wands.
You passively dampen the noise of your surroundings.


Message History

You puncture the royal mummy! You burn the royal mummy!
The royal mummy seems to be corroded for longer.
You headbutt the royal mummy!
The royal mummy is almost destroyed.
The death scarab completely misses you.
The death scarab bites your Hell Sentinel.
The death scarab drains your Hell Sentinel's vigour!
Your Hell Sentinel seems to slow down.
The royal mummy closely misses you.
Unknown command.
You puncture the royal mummy! You freeze the royal mummy.
You headbutt the royal mummy!
You touch the royal mummy.
You destroy the royal mummy!
The emperor scorpion disappears in a puff of smoke! x3
You feel extremely nervous for a moment...
Your body is wracked with pain!
* * * LOW HITPOINT WARNING * * *
The death scarab barely misses you. The death scarab bites you.
* * * LOW HITPOINT WARNING * * *
The death scarab drains your vigour!
You feel as though you will be slow longer.
The death scarab is very cold.
The death scarab is heavily damaged.
Unknown command.
Unknown command.
Unknown command.
You impale the death scarab!! You freeze the death scarab!
You destroy the death scarab!
The death scarab completely misses you. x2
Your Hell Sentinel hits the death scarab!!!
The death scarab is destroyed!
Your life force feels restored.
Unknown command.
Unknown command.
You closely miss the death scarab.
You touch the death scarab!
You sap its willpower!
The death scarab is moderately damaged.
The death scarab bites you.
You die...
Xom cackles wildly!

#$$?......!..##......M.##
#.$$$$........##...MM9##.
#[.$$$$$......##....^.##3
#.$$$$$?$.!....#..°...#..
#.$$$$$$$).....#..M...#..
##.)$$$$$$$....'...M..994
##..)($$$$.M..#^...☼.#^.
##.$$§BM$....#..9.☼.#..
##.$)@B$...##^M^9○☼##.
##§1BB$$..##...z.○##.
##..$$§$###..MZ☼☼###
##..$$## #.☼.z°☼# #
###### ########


You could see 4 death scarabs, 2 mummies and a friendly Hell Sentinel (summoned,
unsilenced, slow).

Vanquished Creatures
  2 dread liches (Depths:3)
  2 ancient liches (Vaults:5)
  Sojobo (Vaults:4)
  10 royal mummies
  the Lernaean hydra (Swamp:4)
  Saint Roka (Vaults:5)
  Jory (Crypt:3)
  3 golden dragons
  Nikola (Depths:2)
  A profane servitor (Crypt:3)
  3 tentacled monstrosities
  7 liches
  Asterion (Elf:3)
  A deep elf master archer (Elf:3)
  A walking divine tome (WizLab)
  4 titans (Vaults:5)
  A quicksilver dragon (Vaults:5)
  2 walking earthen tomes (WizLab)
  2 deep elf blademasters (Elf:3)
  10 sphinxes
  4 ancient champions
  3 thorn hunters
  Gastronok (Lair:2)
  10 tengu reavers
  2 storm dragons (Vaults:5)
  Roxanne (Elf:1)
  8 nagarajas
  Donald (Crypt:2)
  4 shadow dragons (Vaults:5)
  2 strange machines (WizLab)
  A fenstrider witch (Swamp:3)
  2 revenants
  4 imperial myrmidons (Desolation)
  7 frost giants
  8 fire giants
  11 deep elf sorcerers
  2 iron dragons (Vaults:5)
  13 vault wardens
  7 orc warlords
  Louise (Snake:2)
  4 ghouls
  5 deep elf elementalists
  23 ironbound preservers
  9 stone giants
  5 war gargoyles (Vaults:5)
  2 spriggan defenders (Depths:2)
  17 very ugly things
  8 deep elf demonologists
  4 ironbound thunderhulks
  4 eleionomae
  6 deep elf annihilators
  A lorocyproca (Tomb:1)
  16 vampire knights
  3 bennus
  5 spark wasps
  3 dire elephants (Vaults:3)
  A minotaur (Elf:3)
  8 bunyips
  4 eidola
  Snorg (Lair:5)
  6 deep elf death magi
  9 ragged hierophants (Desolation)
  A crystal guardian (Desolation)
  12 ettins
  2 fire dragons (Depths:1)
  4 deep elf high priests
  21 mummy priests
  15 jiangshi
  6 great orbs of eyes
  12 naga warriors
  5 peacekeepers (Desolation)
  3 shambling mangroves (Swamp:4)
  32 vault guards
  6 boulder beetles
  9 servants of whispers (Desolation)
  15 yaktaur captains
  12 rakshasas
  Erolcha (D:12)
  24 hydras
  8 ironbound frosthearts
  4 catoblepae
  4 ice dragons
  7 spriggan air magi
  3 ghost crabs
  5 death knights
  10 alligators
  An ogre mage (D:15)
  2 spriggan skeletons
  Erica (D:9)
  9 two-headed ogres
  35 dancing weapons
  10 centaur warriors
  5 death yaks
  12 anacondas
  20 death scarabs
  5 deep troll shamans
  2 tengu warriors
  15 naga sharpshooters
  4 vampire magi
  5 deep troll earth magi
  9 hell knights
  3 orc high priests
  6 spriggans
  5 spriggan berserkers
  3 soul eaters (Crypt:1)
  Nergalle (D:12)
  5 iron trolls
  4 shock serpents
  A titan skeleton (Crypt:3)
  9 deep elf knights
  38 skeletal warriors
  A sun demon (Crypt:2)
  A salamander mystic (Snake:3)
  3 goliath frogs
  A sea snake (shapeshifter) (Vaults:5)
  5 shadow wraiths
  5 flayed ghosts
  An anaconda zombie (Tomb:1)
  58 deep trolls
  2 spriggan druids (Swamp:4)
  4 glowing orange brains
  4 naga ritualists
  26 wizards
  2 bog bodies
  7 swamp dragons (Swamp:4)
  5 lindwurms
  A spriggan simulacrum (Tomb:2)
  A bunyip skeleton (Crypt:1)
  6 deep elf archers
  6 necromancers
  9 orc knights
  18 ironbound convokers
  11 phantasmal warriors
  18 deep elf pyromancers
  2 orc sorcerers
  3 will-o-the-wisps
  38 ugly things
  25 deep elf zephyrmancers
  A glowing shapeshifter (Depths:3)
  A harpy (Vaults:2)
  9 mana vipers
  16 salamanders
  14 cyclopes
  A salamander (shapeshifter) (D:14)
  An oklob plant (Lair:6)
  A nameless horror (Tomb:1)
  A naga zombie (Tomb:1)
  3 manticores
  4 guardian serpents
  12 naga magi
  A water nymph (Crypt:3)
  30 black mambas
  22 cane toads
  An ice statue (IceCv)
  Maggie (D:8)
  A molten gargoyle (Desolation)
  23 vault sentinels
  A red draconian zombie (Crypt:2)
  2 torpor snails
  3 rime drakes
  A bunyip simulacrum (Crypt:3)
  An emperor scorpion zombie (Tomb:2)
  3 unseen horrors
  4 freezing wraiths
  37 yaktaurs
  7 tengu conjurers
  7 komodo dragons
  A pale draconian skeleton (Crypt:2)
  A troll (shapeshifter) (D:13)
  A grey draconian skeleton (Crypt:1)
  24 guardian mummies
  A jumping spider (Snake:4)
  A jumping spider (shapeshifter) (Vaults:2)
  13 polar bears
  10 trolls
  A harpy zombie (Crypt:1)
  11 tyrant leeches
  2 harpy skeletons (Tomb:1)
  A queen bee (shapeshifter) (Vaults:2)
  19 slime creatures
  13 hornets
  54 saltlings (Desolation)
  A snapping turtle (Snake:4)
  A snapping turtle (shapeshifter) (Depths:2)
  26 blink frogs
  9 dream sheep (Lair:6)
  70 flying skulls
  2 shapeshifters (Swamp:4)
  12 water elementals
  4 shadows (Crypt:3)
  6 wyverns
  An ettin skeleton (Crypt:1)
  A redback (D:15)
  21 ushabtiu
  3 vampires (Vaults:3)
  9 wraiths
  A hog (shapeshifter) (D:15)
  3 fire elementals
  3 large abominations (Depths:3)
  3 chaos spawn (Depths:3)
  4 basilisks
  62 yaks
  3 steam dragons
  7 vampire mosquitoes
  A death yak simulacrum (Lair:1)
  30 nagas
  A swamp worm (shapeshifter) (Elf:2)
  17 swamp worms
  11 wargs
  16 water moccasins
  A water nymph zombie (Crypt:2)
  3 acid dragons
  A floating eye (shapeshifter) (IceCv)
  44 orc warriors
  8 swamp drakes
  A water nymph skeleton (Crypt:2)
  3 sky beasts
  A black bear (D:6)
  38 wolves
  11 ogres
  4 boggarts (D:15)
  5 necrophages
  17 centaurs
  A swamp dragon skeleton (Crypt:2)
  A phantom (D:5)
  4 kobold brigands
  20 bullfrogs
  3 earth elementals (Elf:3)
  5 scorpions
  A water moccasin zombie (D:5)
  8 small abominations (Depths:3)
  A water moccasin skeleton (Crypt:2)
  3 wights (D:7)
  4 killer bees (D:7)
  A vampire bat (D:5)
  An electric eel (Lair:6)
  8 centaur zombies
  2 gnoll shamans
  A bullfrog zombie (D:5)
  A human zombie (Ossuary)
  3 jellies
  5 hounds
  27 orc priests
  2 centaur skeletons
  5 iguanas
  26 orc wizards
  A killer bee zombie (D:5)
  2 hound skeletons
  43 mummies
  A river rat (D:6)
  8 adders
  2 shadow imps (D:7)
  A white imp (D:5)
  An ufetubus (D:4)
  An adder zombie (D:5)
  2 adder skeletons
  A worm (D:6)
  A dart slug (D:1)
  101 orcs
  3 ball pythons
  8 bats
  A bat skeleton (Crypt:1)
  3 endoplasms
  5 giant cockroaches
  A gnoll zombie (Ossuary)
  7 hobgoblins
  A jackal (Sewer)
  A quokka (D:1)
  2 frilled lizards (D:1)
  A gnoll skeleton (Crypt:1)
  11 goblins
  A goblin zombie (Ossuary)
  21 kobolds
  A kobold zombie (Ossuary)
  An orc zombie (Crypt:1)
  A quokka skeleton (Crypt:1)
  11 rats
2190 creatures vanquished.

Vanquished Creatures (collateral kills)
  Rupert (Lair:5)
  A shadow dragon (Vaults:5)
  A storm dragon (Snake:4)
  A tengu reaver (Vaults:5)
  A fire giant (Vaults:5)
  Aizul (Swamp:4)
  A deep elf elementalist (Elf:3)
  A vampire knight (Crypt:3)
  A deep elf annihilator (Elf:3)
  A dire elephant (Vaults:3)
  A servant of whispers (Desolation)
  A death yak (IceCv)
  A death scarab (Tomb:3)
  2 swamp dragons (Swamp:4)
  A cyclops (D:8)
  A manticore (D:8)
  4 cane toads (Lair:6)
  A kobold demonologist (D:10)
  2 guardian mummies
  A hornet (shapeshifter) (Vaults:5)
  A tyrant leech (Lair:6)
  2 dream sheep (Lair:6)
  A saltling (Desolation)
  A blink frog (Lair:6)
  2 vampire mosquitoes (Lair:6)
  A warg (D:8)
  2 water moccasins
  A bullfrog (Lair:6)
  2 killer bees (D:7)
  An electric eel (Lair:6)
  A jelly (D:7)
  3 orc priests
  3 mummies (Tomb:2)
  An adder (D:3)
  7 orcs
  2 hobgoblins (D:4)
  A ball python (D:3)
57 creatures vanquished.

Vanquished Creatures (others)
  A deep elf sorcerer (Elf:3)
  A bennu (Tomb:3)
  A naga warrior (Snake:4)
  2 dancing weapons
  A black mamba (Snake:3)
  2 guardian mummies (Tomb:3)
  A bloated husk (Swamp:3)
  A hornet (Swamp:4)
  A yak (IceCv)
  A wolf (IceCv)
  An orc priest (D:5)
  2 orcs
  A kobold (D:9)
  2 foxfires (Swamp:1)
  42 fungi
  73 plants
133 creatures vanquished.

Grand Total: 2380 creatures vanquished

Notes
Turn   | Place    | Note
-------+----------+-------------------------------------------
     0 | D:1      | Jannitor the Demonspawn Chaos Knight began the quest for
                  | the Orb.
     0 | D:1      | Reached XP level 1. HP: 18/18 MP: 1/1
   169 | D:1      | Found a faded altar of an unknown god.
   172 | D:1      | Reached skill level 1 in Dodging
   226 | D:1      | Gained mutation: You have an unusually large brain. (Int
                  | +2) [demonic ancestry]
   226 | D:1      | Reached XP level 2. HP: 19/24 MP: 2/2
   602 | D:1      | XOM: cloud trail
   771 | D:1      | Reached skill level 1 in Stealth
   950 | D:1      | XOM: draining
  1107 | D:1      | Gained mutation: A meltable shield of frost defends you.
                  | (SH +4) [demonic ancestry]
  1107 | D:1      | Reached XP level 3. HP: 27/27 MP: 3/3
  1742 | D:2      | XOM: confusion
  1747 | D:2      | XOM: swap monsters
  1758 | D:2      | Noticed a shapeshifter
  1758 | D:2      | an adder changed into a shapeshifter
  1758 | D:2      | Noticed a black bear
  1758 | D:2      | a shapeshifter changed into a black bear
  1760 | D:2      | XOM: 2-stop teleportation journey
  1841 | D:3      | XOM: potion effect (brilliance)
  1842 | D:3      | XOM: summons 3 friendly demons
  1847 | D:3      | Gained mutation: A meltable icy envelope protects you from
                  | harm. (AC +8) [demonic ancestry]
  1847 | D:3      | Reached XP level 4. HP: 30/37 MP: 4/4
  2087 | D:3      | Gained mutation: Your touch may inflict minor irresistible
                  | damage on your foes. [demonic ancestry]
  2087 | D:3      | Reached XP level 5. HP: 38/42 MP: 5/5
  2149 | D:3      | Noticed Grinder
  2218 | D:3      | Noticed a sky beast
  2222 | D:3      | XOM: cast spell 'Statue Form'
  2227 | D:3      | Killed a sky beast
  2253 | D:3      | XOM: god gift: silver wand {god gift}
  2280 | D:3      | Reached XP level 6. HP: 20/48 MP: 6/6
  2388 | D:3      | XOM: scenery: summon butterflies
  2489 | D:3      | XOM: noise
  2935 | D:4      | Noticed a wyvern
  2935 | D:4      | XOM: enchant monster (good)
  2939 | D:4      | Killed a wyvern
  2948 | D:4      | XOM: noise
  2985 | D:4      | Gained mutation: You have an extremely huge brain. (Int +4)
                  | [demonic ancestry]
  2985 | D:4      | Reached XP level 7. HP: 54/55 MP: 7/7
  2999 | D:4      | XOM: silly message
  3062 | D:4      | XOM: summons friendly quasit
  3093 | D:4      | Found a staircase to the Ecumenical Temple.
  3240 | D:4      | Reached skill level 5 in Fighting
  3367 | D:4      | XOM: summons 4 friendly demons
  3424 | D:4      | XOM: 1-stop teleportation journey
  3590 | D:4      | Found a bloodstained altar of Trog.
  3884 | D:4      | XOM: noise
  3994 | D:4      | Found an ancient bone altar of Kikubaaqudgha.
  3997 | D:4      | Found an opulent altar of Gozag.
  4113 | D:5      | Entered Level 5 of the Dungeon
  4131 | D:5      | Found Enagoet's Assorted Antiques.
  4636 | D:5      | Noticed a troll
  4654 | D:5      | XOM: blink monster(s)
  4665 | D:5      | XOM: silly message
  4669 | D:5      | Gained mutation: You are robust. (+10% HP) [potion of
                  | mutation]
  4669 | D:5      | Gained mutation: You have a somewhat thin skeletal
                  | structure. (Dex +2, Stealth+) [potion of mutation]
  4679 | D:5      | XOM: divination: detect items
  4691 | D:5      | Killed a troll
  4692 | D:5      | Reached skill level 5 in Short Blades
  4692 | D:5      | Reached skill level 1 in Evocations
  4692 | D:5      | Gained mutation: Your touch may inflict irresistible damage
                  | on your foes. [demonic ancestry]
  4692 | D:5      | Reached XP level 8. HP: 27/69 MP: 8/8
  4696 | D:5      | XOM: destruction
  4704 | D:5      | XOM: scenery: 2 doors close
  4937 | D:5      | XOM: god gift: scroll labelled WAB VATORYWK {god gift}
  5050 | D:5      | XOM: 2-stop teleportation journey
  5290 | D:5      | XOM: confuse monster(s)
  5392 | D:5      | XOM: god gift: wand of digging (5)
  5531 | D:5      | Reached skill level 5 in Stealth
  5626 | D:5      | XOM: god gift: potion of curing
  5646 | D:6      | Found a glowing drain.
  5655 | D:6      | XOM: cleaving
  5907 | Sewer    | Entered a sewer
  6145 | D:6      | XOM: divination: detect creatures
  6163 | D:6      | XOM: god gift: book of Storms
  6317 | D:6      | XOM: give mutation
  6317 | D:6      | Gained mutation: You have hidden genetic potential. [Xom's
                  | grace]
  6404 | D:6      | Reached skill level 5 in Dodging
  6607 | D:6      | Reached XP level 9. HP: 75/77 MP: 9/9
  6665 | D:6      | XOM: 1-stop teleportation journey
  7232 | D:6      | XOM: give mutation
  7232 | D:6      | Gained mutation: Your system is resistant to poisons.
                  | (rPois) [Xom's grace]
  7338 | D:6      | XOM: cloud trail
  7548 | D:7      | Found a sand-covered staircase.
  7557 | Ossuary  | Entered an ossuary
  7668 | Ossuary  | Identified a scroll of acquirement
  7668 | Ossuary  | Acquired a +1 rapier of venom
  8148 | D:7      | XOM: cast spell 'Summon Hydra'
  8188 | D:7      | XOM: divination: detect items
  8219 | D:7      | XOM: confuse monster(s)
  8242 | D:7      | Gained mutation: You have sharp toenails. [hidden
                  | potential]
  8352 | D:7      | XOM: summons 8 friendly demons
  8421 | D:7      | XOM: scenery: create altars
  8847 | D:7      | XOM: give mutations
  8847 | D:7      | Lost mutation: You have a somewhat thin skeletal structure.
                  | (Dex +2, Stealth+) [Xom's mischief]
  8847 | D:7      | Lost mutation: Your system is resistant to poisons. (rPois)
                  | [Xom's mischief]
  8847 | D:7      | Gained mutation: You have great hidden genetic potential.
                  | [Xom's mischief]
  8847 | D:7      | Gained mutation: You passively dampen the noise of your
                  | surroundings. [Xom's mischief]
  9031 | D:7      | XOM: summons 2 hostile demons
  9560 | D:8      | XOM: fog
  9631 | D:8      | XOM: 2-stop teleportation journey
  9639 | D:8      | Found a staircase to the Lair.
  9641 | D:8      | XOM: fake destruction
  9814 | D:8      | XOM: divine lightning
  9918 | D:8      | Found a runed translucent door.
  9919 | D:8      | Noticed hemabe71's ghost (novice HuAr)
  9997 | D:8      | Gained mutation: A weak demonic guardian rushes to your
                  | aid. [demonic ancestry]
  9997 | D:8      | Reached XP level 10. HP: 86/86 MP: 10/10
 10071 | D:8      | Noticed Maggie
 10084 | D:8      | Killed Maggie
 10226 | D:8      | XOM: cloud trail
 10354 | D:8      | XOM: stat loss: -1 Int (17/18)
 10355 | D:8      | Noticed a two-headed ogre
 10356 | D:8      | Killed a two-headed ogre
 10357 | D:8      | Reached skill level 5 in Evocations
 10363 | D:8      | Gained mutation: You expend magic power (3 MP) to
                  | strengthen your wands. [hidden potential]
 10363 | D:8      | Lost mutation: You have great hidden genetic potential.
                  | [hidden potential expressed]
 10369 | D:8      | Noticed a death knight
 10495 | D:8      | Noticed a cyclops
 10503 | D:8      | Noticed a manticore
 10507 | D:8      | Killed a cyclops
 10524 | D:8      | Killed a manticore
 10528 | D:8      | XOM: god gift: 29 gold pieces
 10546 | D:8      | XOM: silly message
 10658 | D:8      | Killed a death knight
 10862 | D:8      | XOM: summons friendly crimson imp
 10933 | D:8      | XOM: summons 6 hostile demons
 11448 | D:9      | Upgraded the game from 0.28-a0-1182-g381e24db82 to
                  | 0.28-a0-1190-g77e1c55843
 11606 | D:9      | Noticed Erica
 11618 | D:9      | Killed Erica
 11619 | D:9      | XOM: potion effect (magic)
 11714 | D:9      | XOM: cloud trail
 11780 | D:9      | XOM: 2-stop teleportation journey
 11870 | D:9      | Gained mutation: You have an absolutely massive brain. (Int
                  | +6, Wiz) [demonic ancestry]
 11870 | D:9      | Reached XP level 11. HP: 81/94 MP: 11/11
 12004 | D:9      | XOM: smoke on damage
 12200 | D:9      | Acquired the ring of Lucidity {Fly rF+ rCorr MP+9 Dex+2}
 12573 | D:10     | Entered Level 10 of the Dungeon
 12597 | D:10     | XOM: fog
 12619 | D:10     | XOM: blink monster(s)
 12727 | D:10     | Gained mutation: You possess an exceptional clarity of
                  | mind. [hidden potential]
 13341 | D:10     | XOM: 2-stop teleportation journey
 13562 | D:10     | Learned a level 2 spell: Passwall
 13566 | D:10     | Learned a level 3 spell: Swiftness
 13714 | D:10     | XOM: 1-stop teleportation journey
 13843 | D:10     | XOM: god gift: fine quick blade {god gift}
 13843 | D:10     | Identified the +10 quick blade of Gituy {chaos, rPois Will+
                  | MP+9} (Xom gifted it to you on level 10 of the Dungeon)
 13958 | D:10     | Found a staircase to the Orcish Mines.
 14042 | D:10     | XOM: scenery: create altars
 14090 | D:8      | XOM: scenery: 1 doors close
 14144 | Lair:1   | Entered Level 1 of the Lair of Beasts
 14292 | Lair:1   | XOM: potion effect (invisibility)
 14318 | Lair:1   | Noticed a six-headed hydra
 14320 | Lair:1   | Found a frozen archway.
 14329 | IceCv    | Entered an ice cave
 14340 | IceCv    | XOM: summons friendly iron imp
 14344 | IceCv    | Reached skill level 1 in Spellcasting
 14367 | IceCv    | XOM: cleaving
 14369 | IceCv    | XOM: polymorph wolf -> bullfrog
 14372 | IceCv    | XOM: 4-stop teleportation journey
 14379 | IceCv    | XOM: cleaving
 14385 | IceCv    | XOM: divine lightning
 14429 | IceCv    | XOM: confuse monster(s)
 14539 | IceCv    | XOM: fake destruction
 14588 | IceCv    | Noticed a death yak
 14589 | IceCv    | Noticed a death yak
 14589 | IceCv    | Noticed a death yak
 14594 | IceCv    | XOM: summons friendly shadow imp
 14612 | IceCv    | XOM: summons 5 hostile demons
 14619 | IceCv    | Killed a death yak
 14829 | IceCv    | XOM: cleaving
 14831 | IceCv    | XOM: cast spell 'Summon Hydra'
 14839 | IceCv    | Killed a death yak
 14840 | IceCv    | Gained mutation: Your touch may irresistibly damage your
                  | foes and sap their willpower. [demonic ancestry]
 14840 | IceCv    | Reached XP level 12. HP: 103/103 MP: 15/15
 14848 | IceCv    | XOM: summons 2 friendly demons
 14863 | IceCv    | XOM: enchant monster (good)
 14890 | IceCv    | XOM: summons 10 friendly demons
 14966 | IceCv    | XOM: fog
 14994 | IceCv    | XOM: 1-stop teleportation journey
 15035 | IceCv    | XOM: divination: magic mapping
 15191 | IceCv    | XOM: silly message
 15208 | IceCv    | Gained mutation: You have an increased reservoir of magic.
                  | (+10% MP) [hidden potential]
 15208 | IceCv    | Lost mutation: You have hidden genetic potential. [hidden
                  | potential expressed]
 15303 | IceCv    | Banished a death yak
 15304 | IceCv    | Reached skill level 10 in Short Blades
 15380 | IceCv    | Noticed a death yak
 15381 | IceCv    | Noticed an ironbound frostheart
 15384 | IceCv    | Noticed an ironbound frostheart
 15384 | IceCv    | XOM: blink monster(s)
 15386 | IceCv    | Noticed a death yak
 15392 | IceCv    | XOM: destruction
 15433 | IceCv    | Reached skill level 5 in Armour
 15731 | IceCv    | Noticed a death yak
 15743 | IceCv    | XOM: potion effect (curing)
 15746 | IceCv    | XOM: polymorph yak -> glowing shapeshifter
 15759 | IceCv    | Killed a death yak
 15766 | IceCv    | Killed an ironbound frostheart
 15846 | IceCv    | XOM: scenery: summon butterflies
 16157 | IceCv    | XOM: enchant monster (good)
 16163 | IceCv    | XOM: smoke on damage
 16172 | IceCv    | Killed a death yak
 16337 | IceCv    | Killed a death yak
 16342 | IceCv    | Killed an ironbound frostheart
 16416 | IceCv    | XOM: 2-stop teleportation journey
 16435 | IceCv    | XOM: cloud trail
 16587 | IceCv    | XOM: scenery: summon butterflies
 16747 | Lair:1   | XOM: scenery: summon butterflies
 16749 | Lair:1   | XOM: enchant monster (good)
 16795 | Lair:1   | XOM: enchant monster (good)
 16825 | Lair:1   | XOM: enchant monster (bad)
 16828 | Lair:1   | Killed a six-headed hydra
 17024 | Lair:1   | XOM: 4-stop teleportation journey
 17048 | Lair:1   | XOM: repel stairs
 17150 | Lair:1   | XOM: god gift: 2 potions of lignification
 17524 | Lair:2   | Found a runed translucent door.
 17525 | Lair:2   | Found a shimmering altar of Xom.
 17525 | Lair:2   | Noticed Wics's ghost (journeyman OpVM)
 17574 | Lair:2   | XOM: noise
 17632 | Lair:2   | XOM: cloud trail
 17664 | Lair:2   | XOM: silly message
 18035 | Lair:2   | Noticed Gastronok
 18043 | Lair:2   | Killed Gastronok
 18467 | Lair:2   | XOM: smoke on damage
 18731 | Lair:3   | Noticed an eight-headed hydra
 18737 | Lair:3   | Killed an eight-headed hydra
 18738 | Lair:3   | Reached XP level 13. HP: 113/113 MP: 21/21
 18856 | Lair:3   | XOM: 2-stop teleportation journey
 18870 | Lair:3   | XOM: 3-stop teleportation journey
 18875 | Lair:3   | XOM: noise
 18891 | Lair:3   | Identified the ring of the Butterfly {Fly rF+}
 18974 | Lair:3   | Learned a level 1 spell: Beastly Appendage
 18977 | Lair:3   | Learned a level 2 spell: Wereblood
 19139 | Lair:3   | XOM: divination: detect creatures
 19222 | Lair:3   | XOM: confuse monster(s)
 19230 | Lair:3   | Reached skill level 10 in Fighting
 19425 | Lair:3   | XOM: silly message
 19638 | Lair:3   | XOM: cloud trail
 19733 | Lair:3   | XOM: god gift: 21 sling bullets
 19938 | Lair:4   | XOM: blink monster(s)
 19976 | Lair:4   | Found a staircase to the Snake Pit.
 20093 | Lair:4   | Reached skill level 5 in Spellcasting
 20101 | Lair:4   | Reached skill level 1 in Transmutations
 20121 | Lair:4   | XOM: 2-stop teleportation journey
 20160 | Lair:4   | XOM: swap monsters
 20164 | Lair:4   | Noticed an ettin
 20164 | Lair:4   | a boulder beetle changed into an ettin
 20164 | Lair:4   | XOM: polymorph boulder beetle -> ettin
 20169 | Lair:4   | XOM: cleaving
 20174 | Lair:4   | XOM: enchant monster (good)
 20182 | Lair:4   | XOM: scenery: create altars
 20184 | Lair:4   | Killed an ettin
 20373 | Lair:4   | XOM: give mutation
 20373 | Lair:4   | Gained mutation: Your muscles are strong. (Str +2) [Xom's
                  | grace]
 20515 | Lair:4   | XOM: destruction
 20519 | Lair:4   | XOM: god gift: +4 ring of protection
 20522 | Lair:4   | XOM: cleaving
 20533 | Lair:4   | XOM: god gift: broad axe {god gift}
 20576 | Lair:4   | XOM: divination: detect items
 20772 | Lair:4   | Found a staircase to the Swamp.
 20849 | Lair:4   | XOM: 5-stop teleportation journey
 20863 | Lair:4   | XOM: god gift: 6 silver javelins
 20997 | Lair:4   | Reached skill level 10 in Stealth
 21126 | Lair:5   | XOM: summons friendly iron imp
 21227 | Lair:5   | Noticed Rupert
 21239 | Lair:5   | XOM: fake destruction
 21240 | Lair:5   | XOM: potion effect (brilliance)
 21243 | Lair:5   | XOM: cast spell 'Monstrous Menagerie'
 21246 | Lair:5   | Killed Rupert
 21358 | Lair:5   | XOM: scenery: summon butterflies
 21488 | Lair:5   | Noticed Snorg
 21496 | Lair:5   | XOM: scenery: create altars
 21503 | Lair:5   | Killed Snorg
 21505 | Lair:5   | Acquired the ring "Qageerr" {EV+4 Dex+4}
 21521 | Lair:5   | XOM: silly message
 21588 | Lair:5   | XOM: divination: detect items
 21808 | Lair:5   | XOM: confuse monster(s)
 21892 | Lair:5   | Reached XP level 14. HP: 122/122 MP: 25/25
 21903 | Lair:5   | XOM: cast spell 'Olgreb's Toxic Radiance'
 21928 | Lair:5   | XOM: cast spell 'Leda's Liquefaction'
 22139 | Lair:6   | Entered Level 6 of the Lair of Beasts
 22242 | Lair:6   | XOM: cast spell 'Summon Dragon'
 22447 | Lair:6   | XOM: noise
 22477 | Lair:6   | XOM: potion effect (haste)
 22578 | Lair:6   | XOM: cast spell 'Leda's Liquefaction'
 22634 | Lair:6   | Got the Disquisition on Sinister Rituals
 22703 | Lair:6   | XOM: potion effect (brilliance)
 22711 | Lair:6   | XOM: fake destruction
 22714 | Lair:6   | XOM: smoke on damage
 22914 | Lair:6   | XOM: fog
 22918 | Lair:6   | XOM: destruction
 22939 | Lair:6   | XOM: give mutations
 22939 | Lair:6   | Gained mutation: You have supernaturally acute eyesight.
                  | (SInv) [Xom's grace]
 22939 | Lair:6   | Gained mutation: You have hidden genetic potential. [Xom's
                  | grace]
 22939 | Lair:6   | Gained mutation: A frigid envelope surrounds you and
                  | freezes all who hurt you. [Xom's grace]
 23008 | Lair:6   | Reached skill level 10 in Dodging
 23044 | Lair:6   | Found a staircase to the Slime Pits.
 23099 | Lair:6   | XOM: cleaving
 23115 | Lair:6   | XOM: summons 14 friendly demons
 23250 | Lair:6   | Reached skill level 10 in Evocations
 23560 | Lair:6   | XOM: god gift: +1 plate armour of fire resistance
 23598 | Lair:6   | XOM: god gift: wand of acid (5)
 23651 | Lair:4   | Learned a level 4 spell: Petrify
 23798 | D:9      | XOM: divination: detect creatures
 23842 | Orc:1    | Entered Level 1 of the Orcish Mines
 23898 | Orc:1    | Noticed an orc warlord
 23909 | Orc:1    | XOM: scenery: summon butterflies
 23924 | Orc:1    | Killed an orc warlord
 23926 | Orc:1    | XOM: give mutation
 23926 | Orc:1    | Gained mutation: You are strong-willed. (Will+) [Xom's
                  | grace]
 24097 | Orc:1    | XOM: scenery: 1 doors open
 24243 | Orc:1    | XOM: 2-stop teleportation journey
 24259 | Orc:1    | XOM: cleaving
 24266 | Orc:1    | Reached skill level 5 in Transmutations
 24270 | Orc:1    | Reached skill level 1 in Earth Magic
 24304 | Orc:1    | XOM: 1-stop teleportation journey
 24519 | Orc:1    | XOM: cleaving
 24527 | Orc:1    | XOM: summons 2 friendly demons
 24533 | Orc:1    | Noticed an orc warlord
 24539 | Orc:1    | XOM: cast spell 'Statue Form'
 24541 | Orc:1    | XOM: fog
 24546 | Orc:1    | Killed an orc warlord
 24560 | Orc:1    | Gained mutation: A meltable icy envelope protects you from
                  | harm. (AC +8) [demonic ancestry]
 24560 | Orc:1    | Reached XP level 15. HP: 130/130 MP: 28/28
 24581 | Orc:1    | XOM: destruction
 24797 | Orc:1    | XOM: 7-stop teleportation journey
 24925 | Orc:2    | Entered Level 2 of the Orcish Mines
 24993 | Orc:2    | Found Icunukk's Antique Weapon Shop.
 24995 | Orc:2    | XOM: god gift: 58 gold pieces
 25003 | Orc:2    | XOM: confuse monster(s)
 25008 | Orc:2    | XOM: blink monster(s)
 25165 | Orc:2    | Bought a glimmering short sword for 208 gold pieces
 25165 | Orc:2    | Identified the +3 short sword "Nuneyg" {flame, rElec rPois}
                  | (You bought it in a shop on level 2 of the Orcish Mines)
 25199 | Orc:2    | Found Yveam's Jewellery Shop.
 25216 | Orc:2    | Bought the ring of False Hope {rC+ Int+2 Slay+6} for 921
                  | gold pieces
 25239 | Orc:2    | Found Omiblen's Antique Armour Shop.
 25252 | Orc:2    | XOM: swap monsters
 25267 | Orc:2    | XOM: blink monster(s)
 25287 | Orc:2    | XOM: silly message
 25300 | Orc:2    | Found Maas's Antique Armour Shoppe.
 25331 | Orc:2    | Found Uraganio's General Store.
 25361 | Orc:2    | XOM: noise
 25375 | Orc:2    | XOM: cleaving
 25413 | Orc:2    | XOM: give mutations
 25413 | Orc:2    | Gained mutation: You have great hidden genetic potential.
                  | [Xom's grace]
 25413 | Orc:2    | Gained mutation: You are agile. (Dex +2) [Xom's grace]
 25475 | Orc:2    | Bought a pair of runed boots for 150 gold pieces
 25731 | Orc:2    | Bought a scroll of fear for 49 gold pieces
 25822 | Orc:2    | Found a staircase to the Elven Halls.
 25924 | Orc:2    | Found a shimmering blue altar of Sif Muna.
 25988 | Orc:2    | Upgraded the game from 0.28-a0-1190-g77e1c55843 to
                  | 0.28-a0-1202-g1e6f1b2279
 26173 | D:11     | Found Byshrev's Antique Weapon Shoppe.
 26311 | D:11     | Found a bloodstained altar of Trog.
 26338 | D:11     | Learned a level 5 spell: Irradiate
 26386 | D:11     | XOM: give mutation
 26386 | D:11     | Lost mutation: You are robust. (+10% HP) [Xom's mischief]
 26502 | D:11     | XOM: stat loss: -1 Str (15/16)
 26617 | D:11     | XOM: summons 6 hostile demons
 26765 | D:11     | XOM: draining
 26846 | D:11     | XOM: summons 2 hostile shadow creatures
 27003 | D:11     | XOM: 1-stop teleportation journey
 27149 | D:12     | XOM: polymorph centaur -> acid dragon
 27190 | D:12     | Found Zewalietoi's Armour Shoppe.
 27192 | D:12     | Noticed Nergalle
 27205 | D:12     | Killed Nergalle
 27206 | D:12     | XOM: repel stairs
 27301 | D:12     | XOM: summons 2 hostile demons
 27317 | D:12     | XOM: 9-stop teleportation journey
 27362 | D:12     | Gained mutation: Your mind is acute. (Int +2) [hidden
                  | potential]
 27512 | D:12     | Identified the +5 long sword of Trial by Ordeal {antimagic,
                  | Str-3 Int+2 Dex+2 SInv}
 27643 | D:12     | Noticed Erolcha
 27645 | D:12     | XOM: confuse monster(s)
 27646 | D:12     | Killed Erolcha
 27912 | D:13     | XOM: divination: detect creatures
 27915 | D:13     | XOM: god gift: phial of floods
 27917 | D:13     | XOM: god gift: wand of acid (5)
 28107 | D:13     | XOM: god gift: +3 scale mail of fire resistance
 28126 | D:13     | XOM: 2-stop teleportation journey
 28143 | D:13     | Identified the +0 chain mail of Edghobbi {Harm *Slow Will++
                  | MP+9}
 28217 | D:13     | XOM: god gift: potion of flight
 28447 | D:13     | Found a gate to the Vaults.
 28516 | D:14     | XOM: 1-stop teleportation journey
 28527 | D:14     | XOM: potion effect (might)
 28534 | D:14     | XOM: swap monsters
 29203 | D:15     | Entered Level 15 of the Dungeon
 29661 | D:15     | Found a staircase to the Depths.
 29661 | D:15     | XOM: 5-stop teleportation journey
 29679 | D:15     | XOM: enchant monster (bad)
 29714 | D:15     | XOM: enchant monster (bad)
 29849 | D:15     | Gained mutation: A demonic guardian rushes to your aid.
                  | [demonic ancestry]
 29849 | D:15     | Reached XP level 16. HP: 127/127 MP: 31/31
 30008 | D:15     | Found Wofiuhoc's Demolitions Depot.
 30050 | D:15     | Bought a manual of Conjurations for 1200 gold pieces
 30231 | D:15     | XOM: cast spell 'Cause Fear'
 30294 | D:15     | XOM: scenery: create altars
 30360 | D:15     | XOM: polymorph two-headed ogre -> redback
 30512 | D:15     | XOM: noise
 30990 | Snake:1  | Entered Level 1 of the Snake Pit
 30995 | Snake:1  | Reached skill level 1 in Conjurations
 31096 | Snake:1  | XOM: 1-stop teleportation journey
 31816 | Snake:1  | Found Neczooq's Gadget Gallery.
 31822 | Snake:1  | Bought a wand of acid (6) for 320 gold pieces
 31941 | Snake:1  | Gained mutation: You have razor-sharp toenails. [hidden
                  | potential]
 31941 | Snake:1  | Lost mutation: You have great hidden genetic potential.
                  | [hidden potential expressed]
 32132 | Snake:1  | Found Xizenk's Jewellery Boutique.
 32132 | Snake:1  | Found Lodysh's Book Shoppe.
 32133 | Snake:1  | Found Wuff's Jewellery Boutique.
 32217 | Snake:1  | XOM: noise
 32218 | Snake:1  | XOM: potion effect (invisibility)
 32522 | Snake:2  | XOM: silly message
 32528 | Snake:2  | XOM: potion effect (haste)
 32531 | Snake:2  | Reached skill level 5 in Conjurations
 32849 | Snake:2  | Noticed Louise
 32852 | Snake:2  | Killed Louise
 33385 | Snake:3  | XOM: potion effect (invisibility)
 33389 | Snake:3  | XOM: cast spell 'Summon Small Mammal'
 33390 | Snake:3  | XOM: divination: detect items
 33440 | Snake:3  | XOM: 9-stop teleportation journey
 33474 | Snake:3  | Found Luhedur's Distillery.
 33498 | Snake:3  | Found Voatyu's Antique Armour Shop.
 33498 | Snake:3  | Found Yniajeza's Armour Boutique.
 33500 | Snake:3  | XOM: summons friendly white imp
 33503 | Snake:3  | Found Fuadot's Jewellery Boutique.
 33708 | Snake:3  | Found Sinasem's Antique Armour Emporium.
 33708 | Snake:3  | XOM: 2-stop teleportation journey
 33740 | Snake:3  | Reached skill level 10 in Armour
 33909 | Snake:3  | XOM: 10-stop teleportation journey
 34119 | Snake:4  | Entered Level 4 of the Snake Pit
 34153 | Snake:4  | XOM: cast spell 'Cause Fear'
 34154 | Snake:4  | XOM: polymorph black mamba -> jumping spider
 34165 | Snake:4  | XOM: enchant monster (bad)
 34583 | Snake:4  | Gained mutation: A powerful demonic guardian rushes to your
                  | aid. [demonic ancestry]
 34583 | Snake:4  | Reached XP level 17. HP: 63/135 MP: 27/33
 34859 | Snake:4  | XOM: polymorph nagaraja -> storm dragon
 35035 | Snake:4  | XOM: draining
 35336 | Snake:4  | XOM: swap monsters
 35342 | Snake:4  | XOM: 2-stop teleportation journey
 35344 | Snake:4  | XOM: polymorph naga sharpshooter -> snapping turtle
 35362 | Snake:4  | XOM: summons 1 hostile demon
 35376 | Snake:4  | XOM: divine lightning
 36135 | Snake:4  | XOM: noise
 36219 | Snake:4  | XOM: summons 4 hostile shadow creatures
 36309 | Snake:4  | Gained mutation: You have a considerably increased
                  | reservoir of magic. (+20% MP) [hidden potential]
 36311 | Snake:4  | XOM: summons 9 hostile demons
 36316 | Snake:4  | XOM: summons 4 friendly demons
 36649 | Snake:4  | Reached skill level 10 in Conjurations
 36710 | Snake:4  | Got a serpentine rune of Zot
 36835 | Snake:4  | XOM: silly message
 36836 | Snake:4  | XOM: confuse monster(s)
 37024 | Lair:3   | XOM: god gift: 45 gold pieces
 37083 | Lair:1   | XOM: cloud trail
 37321 | Vaults:1 | Entered Level 1 of the Vaults
 37331 | Vaults:1 | XOM: summons 3 friendly demons
 37505 | Vaults:1 | XOM: cast spell 'Alistair's Intoxication'
 37590 | Vaults:1 | XOM: 1-stop teleportation journey
 37826 | Vaults:1 | Found Lebresis's Weapon Shoppe.
 38168 | Vaults:1 | Noticed a Tzitzimitl
 38190 | Vaults:1 | XOM: stat loss: -1 Dex (22/23)
 38261 | Vaults:1 | XOM: summons 4 hostile demons
 38349 | Vaults:1 | XOM: summons 1 hostile demon
 38609 | Vaults:2 | XOM: cleaving
 38610 | Vaults:2 | XOM: polymorph ironbound preserver -> shapeshifter
 38636 | Vaults:2 | XOM: give mutations
 38636 | Vaults:2 | Lost mutation: You are strong-willed. (Will+) [Xom's
                  | mischief]
 38636 | Vaults:2 | Lost mutation: Your mind is acute. (Int +2) [Xom's
                  | mischief]
 38959 | Vaults:2 | XOM: enchant monster (bad)
 38980 | Vaults:2 | Reached skill level 10 in Spellcasting
 39113 | Vaults:2 | XOM: scenery: 2 doors open, 1 doors close
 39197 | Vaults:2 | XOM: swap monsters
 39296 | Vaults:2 | Gained mutation: Your presence sometimes corrodes those you
                  | injure. [demonic ancestry]
 39296 | Vaults:2 | Reached XP level 18. HP: 142/144 MP: 38/38
 39332 | Vaults:2 | XOM: noise
 39364 | Vaults:2 | XOM: chaos upgrade
 39366 | Vaults:2 | XOM: give mutations
 39366 | Vaults:2 | Lost mutation: Your muscles are strong. (Str +2) [Xom's
                  | mischief]
 39366 | Vaults:2 | Lost mutation: You have hidden genetic potential. [Xom's
                  | mischief]
 39366 | Vaults:2 | Lost mutation: You are agile. (Dex +2) [Xom's mischief]
 39366 | Vaults:2 | Lost mutation: You possess an exceptional clarity of mind.
                  | [Xom's mischief]
 39393 | Vaults:2 | XOM: 3-stop teleportation journey
 39680 | Vaults:2 | XOM: fog
 40093 | Vaults:2 | XOM: silly message
 40264 | Vaults:2 | Learned a level 6 spell: Iron Shot
 40300 | Vaults:2 | XOM: swap monsters
 40313 | Vaults:2 | Reached skill level 5 in Earth Magic
 40516 | Vaults:2 | XOM: chaos upgrade
 40518 | Vaults:2 | XOM: noise
 40519 | Vaults:2 | XOM: summons friendly white imp
 40726 | Vaults:2 | XOM: cloud trail
 40998 | Vaults:2 | XOM: polymorph yaktaur captain -> shapeshifter
 41292 | Vaults:2 | XOM: 5-stop teleportation journey
 41334 | Vaults:2 | XOM: noise
 41430 | Vaults:3 | XOM: cast spell 'Cause Fear'
 41433 | Vaults:3 | XOM: divination: detect items
 41440 | Vaults:3 | XOM: cast spell 'Call Canine Familiar'
 41564 | Vaults:3 | Found a crumbling gateway.
 41573 | Desolati | Entered the Desolation of Salt
 41575 | Desolati | XOM: summons 2 friendly demons
 41581 | Desolati | XOM: cast spell 'Leda's Liquefaction'
 41695 | Desolati | XOM: divination: detect creatures
 41722 | Desolati | Identified the ring of Leab {Wiz rElec rPois}
 41762 | Desolati | Identified the +10 shortbow of the Shrike {flame, Drain rF+
                  | rN+ Dex+4}
 41784 | Desolati | XOM: scenery: create altars
 41875 | Desolati | XOM: confuse monster(s)
 41883 | Desolati | Reached skill level 10 in Transmutations
 41935 | Desolati | XOM: summons friendly ufetubus
 41938 | Desolati | XOM: polymorph ufetubus -> shadow imp
 41958 | Desolati | Identified the +4 scale mail "Onuiprur" {rF+ Stlth+}
 41964 | Desolati | XOM: enchant monster (good)
 42089 | Desolati | Identified the +6 chain mail of Icycot {rPois rCorr}
 42146 | Desolati | XOM: polymorph shadow imp -> iron imp
 42459 | Desolati | Got the Grimoire of Fetching Summoning
 42495 | Desolati | XOM: noise
 42569 | Desolati | XOM: cast spell 'Statue Form'
 42573 | Desolati | XOM: cast spell 'Summon Hydra'
 42763 | Desolati | Got Kyps's Papyrus of Ice and Earth
 42773 | Desolati | Got Inaas's Handbook of Displacement
 42776 | Desolati | Identified the ring of Gin and Tonic {*Corrode rPois rC+
                  | Dex+2}
 42801 | Desolati | XOM: enchant monster (bad)
 42821 | Desolati | Identified the +8 morningstar "Vube" {freeze, *Slow Str+7}
 42825 | Desolati | XOM: confuse monster(s)
 42871 | Desolati | Identified the ring of Eribynes {AC+4 Str+4 Dex+4}
 42989 | Desolati | Got Ponohama's Compendium of Earthen Conjuration
 43007 | Desolati | XOM: confuse monster(s)
 43011 | Desolati | Reached XP level 19. HP: 152/152 MP: 40/40
 43150 | Vaults:3 | Found a staircase to the Crypt.
 43150 | Vaults:3 | XOM: 1-stop teleportation journey
 43178 | Vaults:3 | XOM: silly message
 43230 | Vaults:3 | XOM: give mutations
 43230 | Vaults:3 | Gained mutation: You have a pair of small horns on your
                  | head. [Xom's mischief]
 43230 | Vaults:3 | Gained mutation: Armour fits poorly on your strangely
                  | shaped body. [Xom's mischief]
 43608 | Vaults:3 | You fall into a shaft and drop 1 floor!
 43703 | Vaults:3 | XOM: enchant monster (bad)
 43710 | Vaults:3 | XOM: enchant monster (good)
 43837 | Vaults:3 | XOM: polymorph sphinx -> dire elephant
 43841 | Vaults:3 | XOM: noise
 43846 | Vaults:3 | XOM: butterfly on damage
 44047 | Vaults:3 | XOM: silly message
 44492 | Vaults:3 | Found Exky's Magic Scroll Shoppe.
 44523 | Vaults:3 | Bought a scroll of fog for 36 gold pieces
 44633 | Vaults:4 | Noticed Sojobo
 45059 | Snake:1  | Bought the amulet of Qifuc {Acrobat Rampage rElec Int+3}
                  | for 603 gold pieces
 45412 | Vaults:4 | XOM: chaos cloud
 45647 | Vaults:4 | XOM: noise
 45772 | Vaults:4 | XOM: swap monsters
 45816 | Vaults:4 | XOM: stat loss: -1 Str (17/18)
 45953 | Vaults:4 | XOM: give mutations
 45953 | Vaults:4 | Lost mutation: You have razor-sharp toenails. [Xom's
                  | mischief]
 45953 | Vaults:4 | Gained mutation: Your body sometimes deteriorates upon
                  | taking damage. [Xom's mischief]
 45959 | Vaults:4 | XOM: 1-stop teleportation journey
 45968 | Vaults:4 | XOM: 1-stop teleportation journey
 46047 | Vaults:4 | XOM: summons 3 hostile demons
 46182 | Vaults:4 | XOM: swap monsters
 46212 | Vaults:4 | XOM: fog
 46261 | Vaults:4 | XOM: summons friendly iron imp
 46350 | Vaults:4 | XOM: chaos upgrade
 46645 | Vaults:4 | XOM: smoke on damage
 46659 | Vaults:4 | Killed Sojobo
 46761 | Vaults:4 | XOM: 3-stop teleportation journey
 46899 | Vaults:4 | XOM: give mutations
 46899 | Vaults:4 | Gained mutation: You are strong-willed. (Will+) [Xom's
                  | grace]
 46899 | Vaults:4 | Gained mutation: Your muscles are strong. (Str +2) [Xom's
                  | grace]
 46899 | Vaults:4 | Gained mutation: You are agile. (Dex +2) [Xom's grace]
 46981 | Vaults:4 | XOM: scenery: 1 doors close
 47003 | Vaults:4 | XOM: noise
 47058 | Vaults:4 | Identified the +7 hand axe of Glory {spect, +Blink rN+
                  | Dex+3 Stlth+}
 47475 | Vaults:4 | XOM: give mutations
 47475 | Vaults:4 | Lost mutation: You expend magic power (3 MP) to strengthen
                  | your wands. [Xom's mischief]
 47475 | Vaults:4 | Lost mutation: You have a considerably increased reservoir
                  | of magic. (+20% MP) [Xom's mischief]
 47475 | Vaults:4 | Lost mutation: You have sharp toenails. [Xom's mischief]
 47475 | Vaults:4 | Lost mutation: Armour fits poorly on your strangely shaped
                  | body. [Xom's mischief]
 47663 | Vaults:4 | XOM: summons friendly iron imp
 47665 | Vaults:4 | XOM: polymorph iron imp -> shadow imp
 47875 | Vaults:4 | XOM: give mutation
 47875 | Vaults:4 | Gained mutation: You have a pair of horns on your head.
                  | [Xom's grace]
 47982 | Vaults:4 | Gained mutation: Your presence sometimes corrodes or
                  | deforms those you injure. [demonic ancestry]
 47982 | Vaults:4 | Reached XP level 20. HP: 161/161 MP: 39/39
 48430 | Lair:3   | XOM: summons 4 hostile demons
 48490 | Swamp:1  | Entered Level 1 of the Swamp
 48779 | Swamp:1  | XOM: summons 2 hostile demons
 48834 | Swamp:1  | XOM: 1-stop teleportation journey
 48862 | Swamp:1  | XOM: 2-stop teleportation journey
 49235 | Swamp:1  | XOM: silly message
 49238 | Swamp:1  | XOM: noise
 49341 | Swamp:2  | XOM: noise
 49444 | Swamp:2  | XOM: 7-stop teleportation journey
 50023 | Swamp:3  | XOM: smoke on damage
 50145 | Swamp:3  | XOM: confuse monster(s)
 50147 | Swamp:3  | Reached skill level 15 in Fighting
 50580 | Swamp:4  | Entered Level 4 of the Swamp
 50592 | Swamp:4  | XOM: divination: detect items
 50694 | Swamp:4  | XOM: potion effect (curing)
 50806 | Swamp:4  | XOM: confusion (+ monsters)
 50872 | Swamp:4  | Noticed the 27-headed Lernaean hydra
 50881 | Swamp:4  | Killed the 27-headed Lernaean hydra
 50948 | Swamp:4  | XOM: divination: detect items
 50957 | Swamp:4  | XOM: polymorph thorn hunter -> shambling mangrove
 51065 | Swamp:4  | XOM: 4-stop teleportation journey
 51121 | Swamp:4  | Noticed Aizul
 51130 | Swamp:4  | Killed Aizul
 51281 | Swamp:4  | Found the +7 sceptre of Torment {pain, torment}
 51298 | Swamp:4  | Reached skill level 15 in Stealth
 51469 | Swamp:4  | XOM: polymorph tyrant leech -> shapeshifter
 51605 | Swamp:4  | XOM: 2-stop teleportation journey
 51645 | Swamp:4  | XOM: give mutation
 51645 | Swamp:4  | Gained mutation: You are robust. (+10% HP) [Xom's grace]
 51842 | Swamp:4  | Got a decaying rune of Zot
 51871 | Swamp:4  | XOM: give mutations
 51871 | Swamp:4  | Gained mutation: You are very robust. (+20% HP) [Xom's
                  | grace]
 51871 | Swamp:4  | Gained mutation: Your spells are a little harder to cast,
                  | but a little more powerful. [Xom's grace]
 51871 | Swamp:4  | Gained mutation: You expend magic power (3 MP) to
                  | strengthen your wands. [Xom's grace]
 51871 | Swamp:4  | Gained mutation: Your spells are harder to cast, but more
                  | powerful. [Xom's grace]
 52298 | Elf:1    | Entered Level 1 of the Elven Halls
 52305 | Elf:1    | Learned a level 5 spell: Manifold Assault
 52311 | Elf:1    | Learned a level 5 spell: Silence
 52344 | Elf:1    | Noticed Roxanne
 52363 | Elf:1    | XOM: scenery: 2 doors close
 52375 | Elf:1    | Killed Roxanne
 52375 | Elf:1    | XOM: potion effect (berserk rage)
 52777 | Elf:1    | Reached skill level 1 in Hexes
 52815 | Elf:1    | Found the +3 pair of gauntlets of War {Slay+5}
 52854 | Elf:1    | Reached skill level 1 in Air Magic
 52858 | Elf:1    | XOM: silly message
 52907 | Elf:1    | Reached skill level 1 in Translocations
 52933 | Elf:1    | XOM: potion effect (brilliance)
 52940 | Elf:1    | XOM: silly message
 53327 | Elf:1    | XOM: silly message
 53358 | Elf:2    | XOM: potion effect (heal wounds)
 53401 | Elf:2    | Found a magical portal.
 53430 | WizLab   | Entered Tukima's Studio
 53452 | WizLab   | XOM: potion effect (brilliance)
 53483 | WizLab   | XOM: silly message
 53508 | WizLab   | Got the Grimoire of Bewitchment
 53515 | WizLab   | Learned a level 5 spell: Yara's Violent Unravelling
 53522 | WizLab   | Noticed Jannitor's illusion
 53558 | WizLab   | Noticed Jannitor's illusion
 53578 | WizLab   | XOM: divination: detect items
 53617 | WizLab   | Noticed Jannitor's illusion
 53629 | WizLab   | XOM: silly message
 53664 | WizLab   | XOM: silly message
 53679 | WizLab   | XOM: silly message
 53687 | WizLab   | XOM: noise
 53706 | WizLab   | Reached XP level 21. HP: 157/202 MP: 41/41
 53759 | WizLab   | XOM: god gift: lightning rod (4/4)
 53774 | WizLab   | Got Qawnej's Grimoire of Enchantment
 53840 | WizLab   | Noticed Jannitor's illusion
 53897 | WizLab   | Noticed Jannitor's illusion
 53898 | WizLab   | XOM: silly message
 53940 | WizLab   | Got Tiuxyl's Papyrus of Execration
 53952 | WizLab   | Learned a level 6 spell: Summon Cactus Giant
 53985 | WizLab   | XOM: scenery: 3 doors close
 54230 | Elf:2    | Found a runed translucent gate.
 54230 | Elf:2    | Found a runed translucent gate.
 54230 | Elf:2    | Found a runed translucent gate.
 54249 | Elf:2    | Reached skill level 1 in Summonings
 54355 | Elf:2    | Acquired 1147 gold pieces
 54815 | Elf:2    | XOM: noise
 54827 | Elf:2    | XOM: potion effect (brilliance)
 54839 | Elf:2    | XOM: cast spell 'Shadow Creatures'
 54840 | Elf:2    | XOM: polymorph deep elf knight -> great orb of eyes
 54844 | Elf:2    | XOM: polymorph great orb of eyes -> glowing shapeshifter
 54846 | Elf:2    | XOM: destruction
 55162 | Elf:3    | Entered Level 3 of the Elven Halls
 55312 | Elf:3    | Noticed Asterion
 55316 | Elf:3    | Killed Asterion
 55455 | Elf:3    | XOM: divination: magic mapping
 55706 | Elf:3    | XOM: summons 2 hostile demons
 56028 | Elf:3    | XOM: summons 3 friendly demons
 56168 | Elf:3    | Identified the +2 leather armour of Nops {Drain Will+++
                  | Str+9 Stlth+}
 56168 | Elf:3    | Identified the ring of Kearr {Ice Dex+5 SInv Stlth-}
 56169 | Elf:3    | XOM: destruction
 56174 | Elf:3    | XOM: 1-stop teleportation journey
 56242 | Elf:3    | XOM: scenery: 1 doors open, 1 doors close
 56341 | Elf:3    | XOM: cloud trail
 56484 | Elf:3    | XOM: scenery: create altars
 56582 | Elf:3    | Reached skill level 5 in Summonings
 56588 | Elf:3    | XOM: confuse monster(s)
 56590 | Elf:3    | XOM: polymorph deep elf master archer -> minotaur
 56676 | Elf:3    | Found the +3 crown of Dyrovepreva {rElec Int+2 SInv}
 56687 | Elf:3    | Found the macabre finger necklace {rN+}
 56697 | Elf:3    | Identified the +9 arbalest of Resourcefulness {penet,
                  | +Blink rN+}
 56757 | Elf:3    | Got Wyzotao's Compendium of the Compass and Arcane Weapons
 56764 | Elf:3    | Identified the +6 fire dragon scales of Terror {rF++ rC-
                  | Str+3 Int+4}
 56832 | Elf:3    | XOM: god gift: potion of attraction
 56841 | Elf:3    | XOM: give mutation
 56841 | Elf:3    | Lost mutation: Your muscles are strong. (Str +2) [Xom's
                  | mischief]
 56930 | Elf:3    | XOM: scenery: create altars
 57281 | Snake:3  | Bought the ring of the Hare {EV+8} for 2048 gold pieces
 57281 | Snake:3  | Found the ring of the Hare {EV+8}
 57451 | D:8      | XOM: stat loss: -1 Str (18/19)
 57653 | Vaults:5 | Entered Level 5 of the Vaults
 57657 | Vaults:5 | XOM: noise
 57660 | Vaults:5 | XOM: 1-stop teleportation journey
 57729 | Vaults:5 | XOM: draining
 57736 | Vaults:5 | XOM: silly message
 57824 | Vaults:5 | XOM: destruction
 57834 | Vaults:5 | XOM: swap monsters
 57884 | Vaults:5 | XOM: 1-stop teleportation journey
 57894 | Vaults:5 | XOM: swap monsters
 57898 | Vaults:5 | XOM: draining
 57902 | Vaults:5 | Reached skill level 5 in Hexes
 57907 | Vaults:5 | XOM: confusion
 57932 | Vaults:5 | XOM: draining
 57936 | Vaults:5 | XOM: noise
 57950 | Vaults:5 | Reached XP level 22. HP: 170/196 MP: 42/42
 57955 | Vaults:5 | XOM: polymorph cactus giant -> oklob plant
 57981 | Vaults:5 | XOM: confusion
 58029 | Vaults:5 | XOM: swap monsters
 58195 | Vaults:5 | XOM: confuse monster(s)
 58200 | Vaults:5 | Acquired 499 gold pieces
 58286 | Vaults:5 | Noticed an ancient lich
 58296 | Vaults:5 | XOM: summons friendly iron imp
 58301 | Vaults:5 | XOM: confuse monster(s)
 58302 | Vaults:5 | Killed an ancient lich
 58305 | Vaults:5 | XOM: silly message
 58309 | Vaults:5 | Reached skill level 5 in Translocations
 58310 | Vaults:5 | Noticed an ancient lich
 58315 | Vaults:5 | XOM: blink monster(s)
 58328 | Vaults:5 | XOM: enchant monster (good)
 58329 | Vaults:5 | Killed an ancient lich
 58394 | Vaults:5 | XOM: summons friendly ufetubus
 58407 | Vaults:5 | Identified the +11 scimitar of Abypew {speed, Fragile rPois
                  | rN+ Str+2}
 58483 | Vaults:5 | Got a silver rune of Zot
 58551 | Vaults:5 | Noticed Saint Roka
 58575 | Vaults:5 | Killed Saint Roka
 58661 | Vaults:5 | XOM: give mutation
 58661 | Vaults:5 | Lost mutation: Your body sometimes deteriorates upon taking
                  | damage. [Xom's mischief]
 58763 | Vaults:5 | XOM: summons 4 hostile shadow creatures
 58895 | Vaults:5 | XOM: 2-stop teleportation journey
 58910 | Vaults:5 | XOM: enchant monster (good)
 59050 | Vaults:5 | Identified the +4 great sword "Death Rattle" {drain, Drain
                  | Dex+6 Stlth+}
 59146 | Vaults:5 | XOM: summons friendly white imp
 59332 | Vaults:5 | XOM: god gift: scroll of teleportation
 59356 | Vaults:5 | Noticed a golden dragon
 59363 | Vaults:5 | Killed a golden dragon
 59369 | Vaults:5 | XOM: enchant monster (good)
 59417 | Vaults:5 | XOM: potion effect (heal wounds)
 59449 | Vaults:5 | XOM: give mutations
 59449 | Vaults:5 | Gained mutation: You passively map a small area around you.
                  | [Xom's grace]
 59449 | Vaults:5 | Gained mutation: Your mind is acute. (Int +2) [Xom's grace]
 59631 | Vaults:5 | Identified the +5 war axe "Hisye" {elec, rN+}
 59642 | Vaults:5 | XOM: scenery: summon butterflies
 59683 | Vaults:5 | Reached skill level 15 in Dodging
 60138 | Vaults:5 | XOM: god gift: scroll of torment
 60350 | Vaults:5 | XOM: summons 3 friendly demons
 60359 | Vaults:5 | Identified the +5 crystal plate armour of Impermeability
                  | {rF+ MP+9}
 60408 | Vaults:5 | Got the Volume of Mutagenic Battle Magic
 60729 | Depths:1 | Entered Level 1 of the Depths
 60744 | Depths:1 | XOM: cleaving
 60745 | Depths:1 | XOM: 2-stop teleportation journey
 60752 | Depths:1 | XOM: summons 11 hostile demons
 60771 | Depths:1 | XOM: potion effect (invisibility)
 60772 | Depths:1 | XOM: blink monster(s)
 60774 | Depths:1 | XOM: swap monsters
 60836 | Depths:1 | XOM: summons 2 hostile demons
 60838 | Depths:1 | XOM: noise
 60843 | Depths:1 | XOM: potion effect (might)
 60848 | Depths:1 | XOM: enchant monster (good)
 60906 | Depths:1 | XOM: summons friendly white imp
 60918 | Depths:1 | XOM: scenery: summon butterflies
 61021 | Depths:1 | XOM: polymorph white imp -> iron imp
 61162 | Depths:1 | Found a gateway to Hell.
 61346 | Depths:1 | Found an opulent altar of Gozag.
 61407 | Depths:1 | XOM: summons 3 friendly demons
 61422 | Depths:1 | XOM: enchant monster (good)
 61530 | Depths:1 | Reached XP level 23. HP: 217/223 MP: 44/44
 61543 | Depths:1 | Learned a level 8 spell: Necromutation
 61700 | Depths:2 | XOM: god gift: long sword {god gift}
 61755 | Depths:2 | XOM: god gift: scroll of torment
 61786 | Depths:2 | Found a one-way gate to the infinite horrors of the Abyss.
 61911 | Depths:2 | Found a one-way gate leading to the halls of Pandemonium.
 62125 | Depths:2 | Reached skill level 1 in Necromancy
 62148 | Depths:2 | Acquired 600 gold pieces
 62383 | Depths:2 | Found a radiant altar of Vehumet.
 62556 | Depths:2 | XOM: scenery: summon butterflies
 62601 | Depths:2 | Noticed Nikola
 62606 | Depths:2 | Killed Nikola
 62871 | Depths:2 | Identified the +3 leather armour of Putaejin {Dex+3}
 62999 | Depths:3 | XOM: enchant monster (bad)
 63020 | Depths:3 | XOM: swap monsters
 63066 | Depths:3 | Reached skill level 5 in Necromancy
 63094 | Depths:3 | XOM: enchant monster (bad)
 63163 | Depths:3 | XOM: noise
 63166 | Depths:3 | XOM: noise
 63176 | Depths:3 | XOM: divination: detect creatures
 63185 | Depths:3 | XOM: scenery: 1 fountains blood, 1 doors open
 63216 | Depths:3 | XOM: god gift: Xom's Incunabulum of the Robin {god gift}
 63217 | Depths:3 | Got Xom's Incunabulum of the Robin {god gift}
 63279 | Depths:3 | XOM: cloud trail
 63335 | Depths:3 | XOM: silly message
 63343 | Depths:3 | XOM: enchant monster (good)
 63446 | Depths:3 | XOM: divination: detect creatures
 63691 | Depths:3 | XOM: silly message
 63694 | Depths:3 | XOM: divination: magic mapping
 63697 | Depths:3 | XOM: potion effect (invisibility)
 63707 | Depths:3 | Reached skill level 5 in Air Magic
 63905 | Depths:3 | XOM: confuse monster(s)
 63963 | Depths:3 | Found an opulent altar of Gozag.
 63965 | Depths:3 | Found a basalt altar of Yredelemnul.
 63965 | Depths:3 | Found a hazy altar of Hepliaklqana.
 63967 | Depths:3 | Found a hazy altar of Hepliaklqana.
 63967 | Depths:3 | Found a sacrificial altar of Ru.
 63967 | Depths:3 | Found a shimmering altar of Xom.
 64242 | Depths:3 | Got the Reference Book on Dark Stones
 64370 | Depths:3 | Got the Collected Works on Cankerous Dislocation
 64383 | Depths:3 | Found a shimmering blue altar of Sif Muna.
 64430 | Depths:3 | Noticed a dread lich
 64432 | Depths:3 | Noticed a dread lich
 64435 | Depths:3 | Killed a dread lich
 64443 | Depths:3 | Killed a dread lich
 64504 | Depths:3 | Got Sif Muna's Grimoire of Changing and Dislocation
 64517 | Depths:3 | Got the Reference Book on Cloudy Attacks
 64579 | Depths:3 | Identified the +7 hunting sling "Worm's Wrath" {venom,
                  | rPois}
 64975 | Crypt:1  | Entered Level 1 of the Crypt
 64979 | Crypt:1  | XOM: cast spell 'Alistair's Intoxication'
 64987 | Crypt:1  | XOM: enchant monster (good)
 65135 | Crypt:1  | XOM: blink monster(s)
 65412 | Crypt:1  | XOM: cleaving
 65421 | Crypt:1  | Reached skill level 10 in Necromancy
 65518 | Crypt:1  | XOM: confusion (+ monsters)
 65708 | Crypt:1  | XOM: swap monsters
 66220 | Crypt:2  | Reached XP level 24. HP: 231/231 MP: 44/44
 66243 | Crypt:2  | XOM: polymorph soul eater -> sun demon
 66256 | Crypt:2  | XOM: enchant monster (bad)
 66350 | Crypt:2  | Found a basalt altar of Yredelemnul.
 66357 | Crypt:2  | XOM: swap monsters
 66402 | Crypt:2  | XOM: draining
 66534 | Crypt:2  | XOM: summons 3 friendly demons
 66567 | Crypt:2  | Got Goli's Volume of Icy Transmigration
 66605 | Crypt:2  | XOM: cloud trail
 66652 | Crypt:2  | Noticed Donald
 66665 | Crypt:2  | Killed Donald
 66917 | Crypt:1  | Found an ancient bone altar of Kikubaaqudgha.
 67155 | Crypt:3  | Entered Level 3 of the Crypt
 67262 | Crypt:3  | XOM: torment (121/231 hp)
 67604 | Crypt:3  | Found a basalt altar of Yredelemnul.
 67606 | Crypt:3  | XOM: confusion
 67614 | Crypt:3  | XOM: blink monster(s)
 67627 | Crypt:3  | XOM: confusion (+ monsters)
 67667 | Crypt:3  | XOM: polymorph death knight -> water nymph
 67700 | Crypt:3  | XOM: confusion (+ monsters)
 67766 | Crypt:3  | XOM: divination: magic mapping
 67906 | Crypt:3  | XOM: divination: detect creatures
 67955 | Crypt:3  | Reached skill level 10 in Translocations
 68035 | Crypt:3  | Found the -2 hat of the Alchemist {rElec rPois rF+ rC+ rN+
                  | Will+ rMut rCorr}
 68117 | Crypt:3  | XOM: 5-stop teleportation journey
 68163 | Crypt:3  | Acquired the ring "Bebunku" {Str+4 Slay+4}
 68212 | Crypt:3  | XOM: 3-stop teleportation journey
 68239 | Crypt:3  | XOM: summons friendly shadow imp
 68330 | Crypt:3  | XOM: cast spell 'Death Channel'
 68614 | Crypt:3  | Found a staircase to the Tomb.
 68614 | Crypt:3  | Noticed Jory
 68621 | Crypt:3  | XOM: cleaving
 68624 | Crypt:3  | XOM: cleaving
 68675 | Crypt:3  | XOM: god gift: long sword {god gift}
 68943 | Crypt:3  | XOM: god gift: 28 sling bullets
 68958 | Crypt:3  | XOM: scenery: 2 doors close
 69112 | Crypt:3  | XOM: fog
 69117 | Crypt:3  | XOM: 3-stop teleportation journey
 69121 | Crypt:3  | Killed Jory
 69201 | Crypt:3  | XOM: scenery: 3 doors close
 69273 | Crypt:3  | XOM: cloud trail
 69394 | Tomb:1   | Entered Level 1 of the Tomb of the Ancients
 69481 | Tomb:1   | Identified the +1 pair of boots of Hoeb Togg {MP-9 Dex+6}
 69519 | Tomb:1   | XOM: divination: magic mapping
 69677 | Tomb:1   | XOM: god gift: Ydwich's Tome of Congealing Transmigration
                  | {god gift}
 69680 | Tomb:1   | Got Ydwich's Tome of Congealing Transmigration {god gift}
 69778 | Tomb:1   | XOM: scenery: summon butterflies
 70283 | Tomb:1   | Learned a level 1 spell: Apportation
 70344 | Tomb:1   | Noticed a royal mummy
 70345 | Tomb:1   | XOM: fog
 70460 | Tomb:1   | XOM: fog
 70487 | Tomb:1   | Killed a royal mummy
 70819 | Tomb:1   | Noticed a royal mummy
 70819 | Tomb:1   | XOM: 9-stop teleportation journey
 71073 | Tomb:1   | Noticed a royal mummy
 71095 | Tomb:1   | Killed a royal mummy
 71309 | Tomb:1   | XOM: butterfly on damage
 71377 | Tomb:1   | XOM: scenery: 1 doors close
 71494 | Tomb:1   | XOM: god gift: runed great mace {god gift}
 71696 | Tomb:2   | Noticed a royal mummy
 71700 | Tomb:2   | Noticed a royal mummy
 71700 | Tomb:2   | Noticed a royal mummy
 71700 | Tomb:2   | Noticed a royal mummy
 71705 | Tomb:2   | Noticed a royal mummy
 71711 | Tomb:2   | XOM: potion effect (brilliance)
 71717 | Tomb:2   | XOM: cast spell 'Summon Small Mammal'
 71720 | Tomb:2   | XOM: potion effect (curing)
 71800 | Tomb:1   | XOM: divination: detect items
 71807 | Tomb:1   | XOM: silly message
 72253 | Tomb:2   | Killed a royal mummy
 72259 | Tomb:2   | XOM: silly message
 72261 | Tomb:2   | Killed a royal mummy
 72262 | Tomb:2   | Reached skill level 15 in Necromancy
 72268 | Tomb:2   | Killed a royal mummy
 72276 | Tomb:2   | Killed a royal mummy
 72277 | Tomb:2   | Reached XP level 25. HP: 77/240 MP: 44/44
 72285 | Tomb:2   | Killed a royal mummy
 72706 | Tomb:2   | XOM: divination: detect creatures
 72961 | Tomb:2   | XOM: potion effect (invisibility)
 73008 | Tomb:2   | XOM: 5-stop teleportation journey
 73386 | Tomb:2   | XOM: scenery: 1 doors close
 73497 | Tomb:2   | XOM: god gift: book of Decay
 73831 | Tomb:2   | XOM: scenery: 1 doors close
 73915 | Tomb:3   | Entered Level 3 of the Tomb of the Ancients
 73943 | Tomb:3   | Noticed a royal mummy
 73948 | Tomb:3   | XOM: summons friendly white imp
 73952 | Tomb:3   | Found the amulet of the Air {Inacc Air Fly rElec RMsl}
 73953 | Tomb:3   | Found the +8 Vampire's Tooth {vamp}
 73970 | Tomb:3   | XOM: divine lightning
 73985 | Tomb:3   | Killed a royal mummy
 74156 | Tomb:2   | XOM: god gift: scroll of brand weapon
 74277 | Tomb:2   | XOM: noise
 74289 | Tomb:3   | XOM: noise
 74290 | Tomb:3   | Noticed a royal mummy
 74303 | Tomb:3   | Noticed a royal mummy
 74303 | Tomb:3   | Noticed a royal mummy
 74307 | Tomb:3   | XOM: cast spell 'Summon Horrible Things'
 74315 | Tomb:3   | Noticed a royal mummy
 74318 | Tomb:3   | XOM: 3-stop teleportation journey
 74533 | Tomb:3   | XOM: draining
 74640 | Tomb:3   | Killed a royal mummy
 74667 | Tomb:3   | XOM: noise
 74668 | Tomb:3   | XOM: summons friendly iron imp
 74674 | Tomb:3   | HP: 10/354 [mummy (14)]
 74676 | Tomb:3   | Killed a royal mummy
 74678 | Tomb:3   | Slain by a death scarab

Illustrated notes

Levels and vault maps discovered:
D:1:      mrwooster_arrival_statue_2, layout_loops_ring,
          ebering_ecumenical_altar_mist
D:2:      layout_loops_corners
D:3:      layout_basic, minmay_misc_feat_hallway, kennysheep_generic_room_7,
          uniq_grinder
D:4:      layout_basic, nicolae_overflow_hidden_temple,
          minmay_temple_entry_offerings, amethyst_killhole,
          minmay_curled_crystal, kennysheep_orc_chapel
D:5:      layout_gridville, minivault_27, nicolae_take_the_stairs,
          roderic_batcave, minmay_manual_mail
D:6:      layout_layer_cave, portal_sewer_entry_a
D:7:      layout_basic, nicolae_ossuary_entry_ruins
D:8:      minmay_distorted_concentric_squares, layout_gridville,
          erik_lair_orcish_takeover, ebering_ghost_inner_flame, uniq_maggie
D:9:      layout_loops_ring, uniq_erica
D:10:     layout_loops_corners, erik_orc_1
D:11:     layout_layer_cave, serial_shops, kennysheep_little_box,
          minmay_statues_item, trog_butcher_becter
D:12:     layout_rooms, serial_shops, shop, uniq_erolcha, uniq_nergalle
D:13:     layout_basic, david_vaults_4
D:14:     layout_long_grid
D:15:     hangedman_depths_entry_civil_slaughter, layout_loops_ring,
          kennysheep_pointless_box, nicolae_blasting_shop,
          minmay_fractal_squares_5
Lair:1:   layout_cave_shapes, portal_ice_cave_entry_ice_simulacra
Lair:2:   layout_cave_pods, ebering_ghost_xom, serial_bayou_shore_a,
          uniq_gastronok
Lair:3:   layout_cave_pods, serial_forest, infiniplex_forest_clump_tiny,
          infiniplex_forest_lined_ring, infiniplex_forest_end_1,
          infiniplex_forest_clump_cross
Lair:4:   layout_roguey, palyth_hydra_swamp_entry, guppyfry_snake_entry_island,
          nzn_sisyphean_effort
Lair:5:   layout_regular_city, uniq_rupert, uniq_snorg
Lair:6:   minmay_lair_end_frog_pond, layout_cave_pods, slime_dummy
Swamp:1:  layout_basic_swamp, nicolae_swamp_bean_lake, infiniplex_staircase_pool
Swamp:2:  layout_basic_swamp, evilmike_swamp_ruin_wall
Swamp:3:  layout_basic_swamp, hangedman_swamp_lotus, swamp_pool2
Swamp:4:  swamp_alternative, layout_basic_swamp, uniq_aizul
Snake:1:  layout_chambers, st_stairs_9, nicolae_snake_gridmaze_spiral,
          nicolae_shop_gadgets, grunt_megastairs_5, minmay_shop_grove
Snake:2:  layout_rooms, uniq_louise
Snake:3:  layout_honeycomb, serial_shops, nicolae_shop_stone, minmay_shoptagon
Snake:4:  grunt_snake_rune_serpentine_throne, layout_cave_town
Orc:1:    layout_caves, minmay_orc_temple_a
Orc:2:    grunt_orc_gardens, layout_caves, grunt_orc_garden, grunt_orc_garden,
          grunt_orc_garden, grunt_orc_garden, serial_shops, shop, led_sif_book
Elf:1:    layout_onion_city, hangedman_elf_represent, minivault_24, st_stairs_4,
          uniq_roxanne
Elf:2:    elven_hall_of_blades_hangedman_original [grunt_blade_entry_basic],
          layout_onion_city, mu_enter_wizlab_1, item_on_display_a
Elf:3:    elf_hall, layout_geoelf_castle, uniq_asterion
Vaults:1: nicolae_vaults_circle_grid_a, nicolae_vaults_windows_and_doors_thing,
          hangedman_vaults_slice, hangedman_vaults_impose, vaults_dpeg_hooks,
          nicolae_vaults_little_squares_1, nicolae_vaults_alarming,
          vaults_mumra_minichess, vaults_dpeg_cross, v_misc_8, v_misc_13,
          layout_vaults_omnicross, serial_shops,
          nicolae_shop_bloodbath_and_beyond
Vaults:2: ontoclasm_vaults_loading_screen, v_misc_28,
          hangedman_vaults_corner_blocks, v_misc_8, serial_ice_g,
          vaults_room_pools, v_misc_27, v_misc_24, dpeg_vaults_monster_box,
          v_misc_5, ontoclasm_vaults_misaligned, grunt_vaults_twisty,
          nicolae_vaults_little_squares_1, nicolae_vaults_network_periphery,
          ontoclasm_vaults_ring_small, v_misc_23, layout_vaults_omnibox,
          uniq_margery
Vaults:3: portal_desolation_entry_nicolae_slug, ontoclasm_vaults_eye,
          vaults_dpeg_diagonal, vaults_mumra_hexcomb,
          nicolae_vaults_diagonal_hallway_8, minmay_crypt_entry_vampire_xt,
          hangedman_vaults_stagger, ontoclasm_vaults_shuriken,
          nicolae_vaults_little_squares_5, st_hourglassy,
          layout_vaults_omnigrid, serial_shops, nicolae_shop_waterfront
Vaults:4: nicolae_vaults_arrows, nicolae_vaults_shelves_hall,
          nicolae_vaults_shelves_hall, nicolae_vaults_network_s,
          vaults_room_hallway, nicolae_vaults_little_squares_2, v_misc_2,
          special_room_vaults [special_room_orc],
          nicolae_vaults_yaktaur_gun_rack, layout_vaults_big_room, uniq_sojobo
Vaults:5: serial_shops, uniq_saint_roka
Crypt:1:  layout_rooms, grunt_megastairs_2, lemuel_upstairs_altar
Crypt:2:  gammafunk_crypt_yreds_forest, layout_chaotic_city, uniq_donald
Crypt:3:  grunt_crypt_end_deaths_head
Tomb:1
Tomb:2
Tomb:3
Depths:1: layout_cave_shapes, pf_hell_entry_tar_spiral, nicolae_water_bricks,
          grunt_gozag_breadcrumbs, kennysheep_cross_landing,
          serial_bayou_shore_b
Depths:2: minmay_tri_stars, layout_basic, abyss_entry_crystal,
          rand_demon_pan_entry_1, nicolae_vehumet_altar_sigil, pf_coc_iceberg,
          infiniplex_staircase_zigzag_2, uniq_nikola
Depths:3: evilmike_library_of_no_secrets, layout_cave_shapes, hell_entry,
          doesnt_xom_only_xom, minmay_room_of_horrors, kennysheep_doodads,
          grunt_megastairs_1, infiniplex_staircase_zigzag_4

Skill      XL: |  1  2  3  4  5  6  7  8  9 10 11 12 13 14 15 16 17 18 19 20 21 22 23 24 |
---------------+-------------------------------------------------------------------------+-----
Dodging        | 1 2 3 4 5 6 7 8 9 10 11 12 13 14 15 | 15.3
Stealth        | 1 2 3 4 5 6 7 8 9 10 11 12 13 14 15 16 | 16.4
Short Blades   | 3 4 5 7 8 9 10 | 10.0
Fighting       | 4 5 6 7 8 9 10 11 12 13 14 15 16 | 16.9
Evocations     | 1 3 4 5 6 8 9 10 | 10.5
Armour         | 3 4 6 7 8 9 10 11 12 13 | 13.0
Spellcasting   | 2 4 5 7 8 9 10 11 12 13 | 13.6
Transmutations | 3 5 6 7 8 10 12 | 12.6
Earth Magic    | 1 4 6 7 8 |  8.3
Conjurations   | 8 11 12 | 12.6
Hexes          | 2 5 7 |  7.9
Air Magic      | 2 6 9 |  9.8
Translocations | 2 4 6 9 11 | 11.9
Summonings     | 6 9 |  9.5
Necromancy     | 10 15 | 15.5

Action                   |  1- 3 |  4- 6 |  7- 9 | 10-12 | 13-15 | 16-18 | 19-21 | 22-24 | 25-27 || total
-------------------------+-------+-------+-------+-------+-------+-------+-------+-------+-------++-------
Melee: Short sword       |   136 |    81 |   229 |       |       |       |       |       |       ||   446
       Touch             |       |     5 |   109 |   122 |   226 |   327 |   321 |   455 |    52 ||  1617
       Dagger            |       |       |   139 |       |       |       |       |       |       ||   139
       Rapier            |       |       |   154 |   226 |       |       |       |       |       ||   380
       Quick blade       |       |       |       |   347 |  1151 |  1358 |  1469 |  2063 |   270 ||  6658
       Kick              |       |       |       |     9 |   499 |   633 |   228 |       |       ||  1369
       Headbutt          |       |       |       |       |    97 |       |   483 |   762 |    75 ||  1417
Throw: Dart              |       |       |    12 |       |       |       |       |       |       ||    12
 Cast: Beastly Appendage |       |       |       |       |    25 |       |       |       |       ||    25
       Wereblood         |       |       |       |       |    20 |       |     3 |       |       ||    23
       Petrify           |       |       |       |       |     7 |    36 |    12 |     1 |       ||    56
       Swiftness         |       |       |       |       |     1 |       |       |       |       ||     1
       Irradiate         |       |       |       |       |       |    21 |    42 |    24 |       ||    87
       Yara's Violent Un |       |       |       |       |       |       |    11 |     2 |       ||    13
       Iron Shot         |       |       |       |       |       |       |     3 |       |       ||     3
       Manifold Assault  |       |       |       |       |       |       |     2 |    28 |    32 ||    62
       Summon Cactus Gia |       |       |       |       |       |       |       |     6 |       ||     6
       Silence           |       |       |       |       |       |       |       |    10 |     8 ||    18
Evoke: Wand              |       |       |     6 |    19 |    10 |     3 |     4 |       |     5 ||    47
       Condenser vane    |       |       |       |     1 |     1 |       |     3 |     1 |     1 ||     7
       Box of beasts     |       |       |       |       |     1 |     1 |       |       |       ||     2
  Use: Potion            |     2 |       |     9 |     4 |     2 |     3 |     4 |    14 |     7 ||    45
       Scroll            |       |       |     8 |     7 |    11 |     7 |     8 |    14 |     3 ||    58
 Stab: Sleeping          |     1 |     1 |    18 |    15 |    44 |    76 |    70 |    88 |     7 ||   320
       Confused          |     1 |       |     1 |     8 |    13 |    15 |    21 |    29 |     2 ||    90
       Paralysed         |       |     2 |     3 |     9 |     4 |     2 |       |     5 |       ||    25
       Distracted        |       |       |     1 |     3 |     6 |     6 |    14 |     7 |       ||    37
       Invisible         |       |       |       |    11 |       |     5 |     2 |    26 |     6 ||    50
       Petrified         |       |       |       |     2 |    12 |     3 |       |     1 |       ||    18
       Petrifying        |       |       |       |     1 |     7 |    16 |    11 |     4 |       ||    39
Armor: Leather armour    |    39 |    22 |   148 |     6 |       |       |       |       |       ||   215
       Skin              |       |     2 |    27 |       |     9 |       |       |       |       ||    38
       Acid dragon scale |       |       |       |   106 |    94 |   102 |   196 |   180 |    38 ||   716
Dodge: Dodged            |    67 |    58 |   279 |   202 |   379 |   467 |   658 |   894 |   154 ||  3158
       Repelled          |       |       |       |       |     5 |    17 |    16 |     9 |       ||    47
Block: Other             |    13 |    12 |    76 |    56 |   185 |   235 |   111 |   109 |    17 ||   814
       Reflection        |       |       |       |       |    19 |    27 |     1 |       |       ||    47

Table legend: (Time is in decaauts)
 A = Elapsed time spent in this place.
 B = Non-inter-level travel time spent in this place.
 C = Inter-level travel time spent in this place.
 D = Time resting spent in this place.
 E = Time spent auto-exploring this place.
 F = Levels seen in this place.
 G = Mean time per level.
                   A        B        C        D        E       F      G
               +--------+--------+--------+--------+--------+-----+--------+
         Total |  70203 |  65264 |   4939 |  14415 |  38555 |  53 | 1324.6 |
       Dungeon |  19259 |  17107 |   2152 |   3479 |  11013 |  15 | 1283.9 |
          Lair |   7490 |   6513 |    977 |    661 |   4798 |   6 | 1248.3 |
         Swamp |   3508 |   3366 |    142 |    256 |   2558 |   4 |  877.0 |
     Snake Pit |   5710 |   5382 |    328 |   1487 |   2966 |   4 | 1427.5 |
  Orcish Mines |   2155 |   1952 |    203 |      6 |   1537 |   2 | 1077.5 |
   Elven Halls |   3881 |   3646 |    235 |    241 |   2621 |   3 | 1293.7 |
        Vaults |  10853 |  10161 |    692 |   2367 |   5808 |   5 | 2170.6 |
         Crypt |   3901 |   3804 |     97 |    860 |   2210 |   3 | 1300.3 |
          Tomb |   4921 |   4893 |     28 |   3314 |    499 |   3 | 1640.3 |
        Depths |   3622 |   3540 |     82 |      0 |   2843 |   3 | 1207.3 |
         Sewer |    219 |    219 |      0 |      0 |    164 |   1 |  219.0 |
       Ossuary |    566 |    566 |      0 |    212 |    190 |   1 |  566.0 |
      Ice Cave |   2223 |   2223 |      0 |   1073 |    694 |   1 | 2223.0 |
        Wizlab |    522 |    522 |      0 |    157 |     68 |   1 |  522.0 |
    Desolation |   1367 |   1367 |      0 |    300 |    582 |   1 | 1367.0 |
               +--------+--------+--------+--------+--------+-----+--------+

Top non-repeatable levels by time:
  Tomb:1: 2986 daAuts
Vaults:2: 2553 daAuts
Vaults:5: 2522 daAuts
 Snake:4: 2427 daAuts
Vaults:4: 2418 daAuts
     D:8: 2418 daAuts
   IceCv: 2223 daAuts
 Crypt:3: 1982 daAuts
Vaults:3: 1793 daAuts
    D:10: 1785 daAuts
     D:5: 1729 daAuts
   Elf:3: 1715 daAuts
Vaults:1: 1565 daAuts
  Tomb:2: 1562 daAuts
Depths:3: 1538 daAuts
